Workbook
Name _________AFC1: [1]INV!$A$25:$D$28
Name _________AFC3: [1]INV!$F$25:$I$28
Name _________AFC5: [1]INV!$K$25:$N$28
Name _________BGC1: [1]INV!$A$5:$D$8
Name _________BGC3: [1]INV!$F$5:$I$8
Name _________BGC5: [1]INV!$K$5:$N$8
Name _________CAC1: [1]INV!$A$19:$D$22
Name _________CAC3: [1]INV!$F$19:$I$22
Name _________CAC5: [1]INV!$K$19:$N$22
Name _________key2: [2]INST!#REF!
Name _________key2: [2]INST!#REF!
Name _________key2: [2]INST!#REF!
Name _________key2: [2]INST!#REF!
Name _________key2: [2]INST!#REF!
Name _________key2: [2]INST!#REF!
Name _________key2: [2]INST!#REF!
Name _________key2: [2]INST!#REF!
Name _________key2: [2]INST!#REF!
Name _________key2: [2]INST!#REF!
Name _________key2: [2]INST!#REF!
Name _________key2: [2]INST!#REF!
Name _________key2: [2]INST!#REF!
Name _________key2: [2]INST!#REF!
Name _________key2: [2]INST!#REF!
Name _________key2: [2]INST!#REF!
Name _________key2: [2]INST!#REF!
Name _________key2: [2]INST!#REF!
Name _________key2: [2]INST!#REF!
Name _________key2: [2]INST!#REF!
Name _________key2: [2]INST!#REF!
Name _________key2: [2]INST!#REF!
Name _________key2: [2]INST!#REF!
Name _________key2: [2]INST!#REF!
Name _________PJ50: #REF!
Name _________PJ50: #REF!
Name _________PJ50: #REF!
Name _________PJ50: #REF!
Name _________PJ50: #REF!
Name _________PJ50: #REF!
Name _________PJ50: #REF!
Name _________PJ50: #REF!
Name _________PJ50: #REF!
Name _________PJ50: #REF!
Name _________PJ50: #REF!
Name _________PJ50: #REF!
Name _________PJ50: #REF!
Name _________PJ50: #REF!
Name _________PJ50: #REF!
Name _________PJ50: #REF!
Name _________PJ50: #REF!
Name _________PJ50: #REF!
Name _________PJ50: #REF!
Name _________PJ50: #REF!
Name _________PJ50: #REF!
Name _________PJ50: #REF!
Name _________PJ50: #REF!
Name _________PJ50: #REF!
Name _________SBC1: [1]INV!$A$12:$D$15
Name _________SBC3: [1]INV!$F$12:$I$15
Name _________SBC5: [1]INV!$K$12:$N$15

Sheet PRESUPUESTO
C3: Código | D3: CCE-EICP-FM-14 | E3: Versión | F3: 3
C4: FORMULARIO 1
C5: PRESUPUESTO OFICIAL
C6: [La entidad puede utilizar este formulario de detalle del presupuesto oficial para determinar las condiciones bajo las cuales los proponentes analizarán y presentarán su propuesta económica de forma detallada, sin perjuicio que la entidad pueda modificarlo o establecer la presentación de la oferta económica con un formulario distinto al indicado.]
C8: Adicionalmente, cuando el proceso de contratación es estructurado por precios unitarios, la Entidad debe aplicar las notas 1, 2 y 3 del presente formulario y las casillas de "Descripción", "Porcentaje" de la Administración, Imprevisto, Utilidad y total A.I.U. resaltadas en color amarillo. Tratándose de otras modalidades de precio, la Entidad puede o no configurar los mismos aspectos.
D10: ITEM DE PAGO | E10: ESPECIFICACIONES | G10: DESCRIPCION | H10: UND. | I10: CANTIDAD | J10: VALOR UNITARIO | K10: VALOR TOTAL
E11: GENERAL | F11: PARTICULAR
G12: PRELIMINARES
D13: 001.085 | G13: LOCALIZACION Y REPLANTEO DE VIAS incluye eje de via y laterales con andenes | H13: ML | I13: ='LOCALIZACIÓN Y REPLANTEO'!H21 -> 363.4 | J13: =+APUS!I4 -> 5406 | K13: =ROUND(J13*I13,0) -> 1964540
D14: 001.046 | G14: SUMINISTRO, TRANSPORTE E INSTALACION CAMPAMENTO PROVISIONAL | H14: M2 | I14: ='CAMPAMENTO PROVISIONAL '!H23 -> 24 | J14: =+APUS!I12 -> 213569 | K14: =ROUND(J14*I14,0) -> 5125656
D15: 001.050 | G15: INSTALACION PROVISIONAL DE ACUEDUCTO | H15: MES | I15: ='PROVISIONAL DE ACUEDUCTO '!H20 -> 3 | J15: =+APUS!I23 -> 102813 | K15: =ROUND(J15*I15,0) -> 308439
D16: 001.051 | G16: INSTALACION PROVISIONAL DE ENERGIA | H16: MES | I16: ='PROVISIONAL DE ENERGIA'!H22 -> 3 | J16: =+APUS!I27 -> 91387 | K16: =ROUND(J16*I16,0) -> 274161
G17: CORTE, CICATRIZACIÓN Y REMOCIÓN DE RAICES | H17: UND | I17: ='CICATRIZACIÓN RAICES'!H21 -> 2 | J17: =+APUS!I31 -> 1067848 | K17: =ROUND(J17*I17,0) -> 2135696
D18: 001.060 | G18: =APUS!C35 -> SUMINISTRO, TRANSPORTE E INSTALACION TECHADO MOVIBLE EN GUADUA Y PLÁSTICO | H18: =APUS!E35 -> M2 | I18: ='TECHADO MOVIBLE'!H21 -> 60 | J18: =APUS!I35 -> 9372 | K18: =ROUND(J18*I18,0) -> 562320
C19: Subtotal | K19: =SUM(K13:K18) -> 10370812
G20: MOVIMIENTO DE TIERRA
D21: 002.016 | G21: EXCAVACIÓN A CIELO ABIERTO - MATERIAL COMÚN - 0.0 A 2.0 M | H21: M3 | I21: =EXCAVACIÓN!H27 -> 180.1 | J21: =+APUS!I46 -> 39156 | K21: =ROUND(J21*I21,0) -> 7051996
D22: 002.032 | G22: RETIRO DE MATERIAL SOBRANTE EN VOLQUETA, CARGUE MANUAL | H22: M3 | I22: ='RETIRO DE MATERIAL SOBRANTE'!H29 -> 180.1 | J22: =+APUS!I52 -> 60161 | K22: =ROUND(J22*I22,0) -> 10834996
D23: 002.022 | G23: =APUS!C59 -> CONFORMACION TALUDES EN TIERRA | H23: =APUS!E59 -> M3 | I23: ='CONFORMACIÓN TALUD'!H22 -> 56 | J23: =APUS!I59 -> 64515 | K23: =ROUND(J23*I23,0) -> 3612840
C24: Subtotal | K24: =SUM(K21:K23) -> 21499832
G25: DEMOLICIONES
D26: 029.007 | G26: DEMOLICIÓN DE ANDENES Y SARDINELES EN CONCRETO HIDRAULICO | H26: M3 | I26: ='DEMOLICIONES '!H35 -> 69.1 | J26: =APUS!I70 -> 159823 | K26: =ROUND(J26*I26,0) -> 11043769
D27: 033.087 | G27: DEMOLICION DE ESTRUCTURAS DE CONCRETO REFORZADO | H27: M3 | I27: ='DEMOLICIONES ESTRUCTURAS'!H21 -> 7.5 | J27: =APUS!I79 -> 209021 | K27: =ROUND(J27*I27,0) -> 1567658
C28: Subtotal | K28: =SUM(K26:K27) -> 12611427
G29: CONCRETOS
D30: 003.117 | G30: =APUS!C90 -> SUMINISTRO, TRANSPORTE E INSTALACION PAVIMENTO EN CONCRETO PREMEZCLADO MR 42 | H30: M3 | I30: ='CONCRETO VÍA'!H23 -> 44.7 | J30: =APUS!I90 -> 1217642 | K30: =ROUND(J30*I30,0) -> 54428597
D31: 021.016 | G31: =APUS!C104 -> SUMINISTRO, TRANSPORTE E INSTALACION SARDINEL ANCHO = 20 CM H = ENTRE 17 Y 24 CM EN CONCRETO 3000 PSI | H31: ML | I31: =SARDINEL!H34 -> 902 | J31: =+APUS!I104 -> 74304 | K31: =ROUND(J31*I31,0) -> 67022208
D32: 023.044 | G32: =+APUS!C114 -> SUMINISTRO, TRANSPORTE E INSTALACIÓN DE ADITIVO PARA ACELERAR FRAGUADO A SIETE (7) DIAS (ACELERANTE) DE UN M3 DE CONCRETO PAVIMENTO MR 42 | H32: M3 | I32: =+ACELERANTE!H23 -> 44.7 | J32: =+APUS!I114 -> 138487 | K32: =ROUND(J32*I32,0) -> 6190369
D33: 023.036 | G33: SUMINISTRO, TRANSPORTE E INSTALACIÓN SELLO DE JUNTA DE PAVIMENTO RIGIDO 5MM | H33: ML | I33: =SELLO!H23 -> 1292 | J33: =APUS!I122 -> 10748 | K33: =ROUND(J33*I33,0) -> 13886416
D34: 023.034 | G34: CORTE MECANIZADO DE PAVIMENTO 5 mm | H34: ML | I34: ='CORTE '!H23 -> 341.6 | J34: =+APUS!I130 -> 11776 | K34: =ROUND(J34*I34,0) -> 4022682
D35: 032.015 | G35: CORTE MECANIZADO DE ANDEN EN CONCRETO CON DISCO (3,5CM) | H35: ML | I35: ='CORTE ANDEN'!H20 -> 326 | J35: =APUS!I137 -> 9550 | K35: =ROUND(J35*I35,0) -> 3113300
D36: 032.113-1 | G36: =APUS!C366 -> SUMINISTRO, TRANSPORTE E INSTALACION CAJA ELECTRICA (0,40X0,40X0,5 M) EN CONCRETO 3000 PSI, Incluye refuerzo, afirmado | H36: =APUS!E366 -> UND | I36: =+'CAJAS ELECTRICAS'!H23 -> 15 | J36: =APUS!I366 -> 301405 | K36: =ROUND(J36*I36,0) -> 4521075
D37: 002A.018 | G37: =APUS!C381 -> SUMINISTRO, TRANSPORTE E INSTALACION PEDESTALES EN CONCRETO 3000 PSI | H37: =APUS!E381 -> M3 | I37: =PEDESTALES!H23 -> 1.8 | J37: =APUS!I381 -> 1015971 | K37: =ROUND(J37*I37,0) -> 1828748
C38: Subtotal | K38: =SUM(K30:K37) -> 155013395
G39: ACEROS DE REFUERZO
D40: 5112 | G40: SUMINISTRO, TRANSPORTE E INSTALACIÓN DE ACERO DE REFUERZO FY = 60.000 PSI = 420 MPA (INCLUYE NALAMBRE NEGRO Y FIGURACIÓN) ACTUALIZADO 13 JUL 2021 | H40: KG | I40: ='ACERO DE REFUERZO'!H35 -> 2581.4 | J40: =+APUS!I147 -> 10479 | K40: =ROUND(J40*I40,0) -> 27050491
D41: 023.045 | G41: =APUS!C155 -> CANASTILLA DE SOPORTE DE DOVELAS EN HIERRO 3/8" Y 1/4" | H41: ML | I41: =CANASTILLAS!H18 -> 82.4 | J41: =APUS!I155 -> 19893 | K41: =ROUND(J41*I41,0) -> 1639183
D42: 023.046 | G42: DOVELAS DE ACERO LISO 60000 PSI PARA PAVIMENTOS | H42: KG | I42: =DOVELAS!H21 -> 286.5 | J42: =+APUS!I161 -> 18199 | K42: =ROUND(J42*I42,0) -> 5214014
D43: 032.014 | G43: SUMINISTRO, TRANSPORTE E INSTALACION PERFORACION PARA ANCLAJE SARDINEL 3/8" L=20 cm, incluye hierro | H43: UND | I43: =' PERFORACIÓN '!H22 -> 8474 | J43: =APUS!I168 -> 15454 | K43: =ROUND(J43*I43,0) -> 130957196
C44: Subtotal | K44: =SUM(K40:K43) -> 164860884
G45: ANDENES Y RAMPAS
D46: 032.348-1 | G46: =APUS!C181 -> SUMINISTRO, TRANSPORTE E INSTALACION BLOQUE BASE EN CEMENTO PLAQUETA ABUJARDADA ROJO 20 X 40 X 6CM, INCLUYE MORTERO DE NIVELACIÓN | H46: M2 | I46: ='ADOQUÍN R'!H22 -> 132.3 | J46: =APUS!I181 -> 399952 | K46: =ROUND(J46*I46,0) -> 52913650
D47: 032.348-2 | G47: =APUS!C191 -> SUMINISTRO, TRANSPORTE E INSTALACION BLOQUE BASE EN CEMENTO PLAQUETA ABUJARDADA OCRE 40 X 40 X 6CM, INCLUYE MORTERO DE NIVELACIÓN | H47: M2 | I47: ='ADOQUÍN O'!H22 -> 255 | J47: =APUS!I191 -> 240189 | K47: =ROUND(J47*I47,0) -> 61248195
D48: 032.348-3 | G48: =APUS!C201 -> SUMINISTRO, TRANSPORTE E INSTALACION BLOQUE BASE EN CEMENTO PLAQUETA PEATONAL PODOTACTIL GRIS 40 X 40 X 6CM, INCLUYE MORTERO DE NIVELACIÓN | H48: M2 | I48: ='ADOQUÍN T'!H22 -> 132.3 | J48: =APUS!I201 -> 219233 | K48: =ROUND(J48*I48,0) -> 29004526
D49: 032.348-4 | G49: =APUS!C211 -> SUMINISTRO, TRANSPORTE E INSTALACION PROTECTOR ARBOL ABUJARDADA GRIS 40 X 40 X 6 CM JUEGO DE 4 PIEZAS COMPLETO GRIS, INCLUYE MORTERO DE NIVELACIÓN | H49: UND | I49: ='PROTECTOR A'!H22 -> 15 | J49: =APUS!I211 -> 176554 | K49: =ROUND(J49*I49,0) -> 2648310
D50: 033.122 | G50: SUMINISTRO, TRANSPORTE E INSTALACION ANDEN Y RAMPA PEATONAL CONCRETO PRODUCIDO EN OBRA 3000 PSI ACABADO: ESCOBIADO | H50: M3 | I50: ='CONCRETO ANDEN '!H29 -> 24.1 | J50: =APUS!I221 -> 980348 | K50: =ROUND(J50*I50,0) -> 23626387
C51: Subtotal | K51: =SUM(K46:K50) -> 169441068
G52: RELLENOS
D53: 023.008-1 | G53: =APUS!C234 -> SUMINISTRO, TRANSPORTE E INSTALACION AFIRMADO COMPACTADO PARA ANDENES | H53: M3 | I53: ='AFIRMADO COMPACTADO'!H26 -> 94.6 | J53: =+APUS!I234 -> 165551 | K53: =ROUND(J53*I53,0) -> 15661125
D54: 004.005 | G54: SUMINISTRO, TRANSPORTE E INSTALACION SUB BASE GRANULAR MATERIAL SELECCIONADO. SUMINISTRO, TRANSPORTE, COLOCACIÓN Y COMPACTACIÓN SEGUN NORMA INVIAS Y ESTUDIOS DE SUELOS. | H54: M3 | I54: ='SUB BASE GRANULAR'!H22 -> 40 | J54: =+APUS!I242 -> 228567 | K54: =ROUND(J54*I54,0) -> 9142680
C55: Subtotal | K55: =SUM(K53:K54) -> 24803805
G56: AMOBLAMIENTO URBANO
D57: 032.322 | G57: SUMINISTRO E INSTALACIÓN DE BASURERA PIVOTANTE EN ACERO INOXIDABLE TIPO EXTERIOR. INSTALACIÓN A TODO COSTO. | H57: UND | I57: =BASUREROS!H22 -> 9 | J57: =APUS!I250 -> 1566066 | K57: =ROUND(J57*I57,0) -> 14094594
D58: 021.025 | G58: SUMINISTRO, TRANSPORTE E INSTALACION ARBOL DE GRAN PORTE H=1,50M | H58: UND | I58: =ARBOLES!H22 -> 15 | J58: =APUS!I254 -> 563476 | K58: =ROUND(J58*I58,0) -> 8452140
D59: 032.324 | G59: SUMINISTRO, TRANSPORTE E INSTALACIÓN DE CONTENEDOR DE RAICES TIPO B20 (TIPO A) (1.2X1.2X1M. INC. SUMINISTRO, CONSTRUCCIÓN, ALCOQUE Y FILTRO EN GRAVILLA. NO INCLUYE. TIERRA). INSTALACIÓN A TODO COSTO. | H59: UND | I59: ='CONTENEDOR A'!H22 -> 15 | J59: =APUS!I263 -> 881614 | K59: =ROUND(J59*I59,0) -> 13224210
C60: Subtotal | K60: =SUM(K57:K59) -> 35770944
G61: OBRAS HIDRÁULICAS
D62: 24077 | G62: SUMINISTRO, TRANSPORTE E INSTALACION CÁMARA CIRCULAR DE INSPECCIÓN/CAÍDA D=1.20 M. EN CONCRETO CLASE II PARA REALCE | H62: M3 | I62: ='REALCE C'!H21 -> 1.1 | J62: =APUS!I269 -> 755859 | K62: =ROUND(J62*I62,0) -> 831445
C63: Subtotal | K63: =SUM(K62:K62) -> 831445
G64: OBRAS ELECTRICAS
D65: =APUS!A279 -> 26A.118-1 | G65: =APUS!C279 -> DESMONTE TRASLADO E INSTALACIÓN POSTE DE 12m | H65: =APUS!E279 -> UND | I65: 2 | J65: =APUS!I279 -> 3151088 | K65: =ROUND(J65*I65,0) -> 6302176
D66: =APUS!A292 -> 26A.118-2 | G66: =APUS!C292 -> DESMONTE TRASLADO E INSTALACIÓN POSTE DE 8m | H66: =APUS!E292 -> UND | I66: 1 | J66: =APUS!I292 -> 2455402 | K66: =ROUND(J66*I66,0) -> 2455402
D67: =APUS!A304 -> 26A.118-3 | G67: =APUS!C304 -> SUMINISTRO, TRANSPORTE E INSTALACIÓN CAJA PORTABONERA MONOFASICA 12 USUARIOS 150 A | H67: =APUS!E304 -> UND | I67: 1 | J67: =APUS!I304 -> 545891 | K67: =ROUND(J67*I67,0) -> 545891
D68: =APUS!A309 -> 26A.118-4 | G68: =APUS!C309 -> SUMINISTRO, TRANSPORTE E INSTALACIÓN CAJA PORTABONERA BIFASICA 6 USUARIOS 150 A | H68: =APUS!E309 -> UND | I68: 1 | J68: =APUS!I309 -> 545891 | K68: =ROUND(J68*I68,0) -> 545891
D69: =APUS!A314 -> 26A.118-5 | G69: =APUS!C314 -> SUMINISTRO, TRANSPORTE E INSTALACIÓN DE ACOMETIDA EN CABLE CONCENTRICO N° 2X8+8 AWG | H69: =APUS!$E$314 -> ML | I69: 300 | J69: =APUS!I314 -> 70028 | K69: =ROUND(J69*I69,0) -> 21008400
D70: =APUS!$A$319 -> 26A.118-6 | G70: =APUS!$C$319 -> SUMINISTRO, TRANSPORTE E INSTALACIÓN DE ACOMETIDA EN CABLE CONCENTRICO N° 1X8+8 AWG | H70: =APUS!E319 -> ML | I70: 320 | J70: =APUS!I319 -> 41581 | K70: =ROUND(J70*I70,0) -> 13305920
D71: =APUS!$A$324 -> 26A.118-7 | G71: =APUS!$C$324 -> SUMINISTRO, TRANSPORTE E INSTALACIÓN DE TUBERIA EMT 1" A LA VISTA | H71: =APUS!$E$324 -> ML | I71: 80 | J71: =APUS!$I$324 -> 67125 | K71: =ROUND(J71*I71,0) -> 5370000
C72: Subtotal | K72: =SUM(K65:K71) -> 49533680
G73: SEÑALIZACION HORIZONTAL
C74: 2 | D74: 23048 | G74: =+APUS!C333 -> SUMINISTRO, TRANSPORTE E INSTALACION DEMARCACION PASOS PEATONALES, LINEAS DE PARE, SIMBOLOS, TEXTOS Y OTRAS, CON PINTURA PLASTICO EN FRIO. | H74: M2 | I74: ='MARCAS VIALES'!H21 -> 71.9 | J74: =APUS!I333 -> 78979 | K74: =ROUND(J74*I74,0) -> 5678590
C75: 3 | D75: 23051 | G75: SUMINISTRO, TRANSPORTE E INSTALACION DEMARCACION LINEAS CENTRALES, DE BORDE, DE CARRIL Y OTRAS (Ancho 12cms), CON PINTURA ACRILICA BASE SOLVENTE. | H75: ML | I75: =DEMARCACIÓN!H21 -> 1120 | J75: =APUS!I337 -> 3546 | K75: =ROUND(J75*I75,0) -> 3971520
C76: 4 | G76: SUMINISTRO, TRANSPORTE E INSTALACIÓN FRESADO DE MARCAS VIALES | H76: ML | I76: =FRESADO!H21 -> 1120 | J76: =APUS!I341 -> 15119 | K76: =ROUND(J76*I76,0) -> 16933280
C77: Subtotal | K77: =+SUM(K74:K76) -> 26583390
G78: SEÑALIZACION VERTICAL
C79: 2 | D79: 023.053-1 | G79: =APUS!C348 -> SUMINISTRO, TRANSPORTE E INSTALACION SEÑALES VERTICALES DOBLE GRADO DIAMANTE. SR/SP (60cms). PARA FIJAR EN POSTE EXISTENTE (Sección Circular). | H79: UN | I79: ='SEÑAL VERTICAL 1'!H21 -> 3 | J79: =APUS!I348 -> 630844 | K79: =ROUND(J79*I79,0) -> 1892532
C80: 3 | D80: =APUS!A352 -> 023.056-1 | G80: =APUS!C352 -> SUMINISTRO, TRANSPORTE E INSTALACION SEÑALES VERTICALES DOBLE GRADO DIAMANTE. SR/SP (60cms). PEDESTAL RECTO (Sección Circular). | H80: UN | I80: ='SEÑAL VERTICAL 2'!H21 -> 5 | J80: =APUS!I352 -> 751729 | K80: =ROUND(J80*I80,0) -> 3758645
C81: 4 | D81: 023.056-2 | G81: =APUS!C356 -> SUMINISTRO, TRANSPORTE E INSTALACION SEÑALES VERTICALES DOBLE GRADO DIAMANTE. DE DOBLE SR-30/ (SP-46 ó SP-47A ó SP-48) (60*60cms). PEDESTAL RECTO (Sección Circular). | H81: UN | I81: ='SEÑAL VERTICAL 3'!H21 -> 3 | J81: =APUS!I356 -> 1054838 | K81: =ROUND(J81*I81,0) -> 3164514
C82: Subtotal | K82: =+SUM(K79:K81) -> 8815691
G83: REGULADOR DE TRANSITO
C84: 9 | D84: ADI-33.169 | E84: REGULADOR DE TRANSITO | F84: DIA | G84: REGULADOR DE TRANSITO | H84: DIA | I84: 90 | J84: =APUS!I362 -> 121870 | K84: =ROUND(J84*I84,0) -> 10968300
C85: Subtotal | K85: =+SUM(K84) -> 10968300
G86: SUBTOTAL OBRAS | K86: =K19+K24+K28+K38+K44+K51+K55+K60+K63+K77+K82+K85+K72 -> 691104673
G89: SUBTOTAL OBRAS (INCLUYE AIU) | K89: =K86 -> 691104673 | N89: =+ROUND(K89/(1+K96),0) -> 505341235
G90: VALOR TOTAL | K90: =K89 -> 691104673
C92: NOTA 1: Se debe tener en cuenta que el PRECIO UNITARIO incluye el valor de A.I.U. | H92: DESCRIPCION | K92: PORCENTAJE
C93: NOTA 2: Cuando la fracción decimal del peso sea igual o superior a 5 se aproximará por exceso al número entero siguiente del peso y cuando la fracción decimal del peso sea inferior a 5 se aproximará por defecto al número entero del peso. | H93: ADMINISTRACION | J93: A= | K93: =A.I.U!J51 -> 0.3076
C94: NOTA 3: El A.I.U y su discriminación deben estar en porcentaje (%). | H94: IMPREVISTO | J94: I= | K94: 0
H95: UTILIDAD | J95: U= | K95: 0.06
H96: TOTAL A.I.U | J96: A.I.U.= | K96: =SUM(K93:K95) -> 0.3676

Sheet A.I.U
A1: CALCULO DEL AIU.
A2: PROYECTO:
A4: Valor estimado de la Obra (Costo Directo). | D4: Valor | E4: 505341235 | L4: =+PRESUPUESTO!N89 -> 505341235 | N4: =+L4-E4 -> 0
A5: Plazo estimado de ejecución | D5: Meses | E5: 3 | F5: Dias | G5: 90
A7: CAPITULO | B7: TIPO DE GASTO | C7: UN | D7: CANTIDAD. | E7: Destinación | F7: VLOR UNITARIO (mes) | G7: Factor Prestacional. | H7: VLOR TOTAL | I7: SUMA | J7: PORCENTAJE
A9: 1 | B9: GASTOS GENERALES. | J9: =+J10 -> 0.15371102
A10: 1.1 | B10: MANO DE OBRA Y GASTOS DE OFICINA | I10: =SUM(H11:H22) -> 77676515 | J10: =+I10/$E$4 -> 0.15371102
B11: Director(a) de Obra | C11: Un | D11: 1 | E11: 0.5 | F11: 5800000 | G11: 0.6633 | H11: =+D11*E11*((F11/30)*$G$5)*(1+G11) -> 14470710
B12: Residente de obra con prestaciones | C12: Un | D12: 1 | E12: 1 | F12: 4060000 | G12: 0.6633 | H12: =+D12*E12*((F12/30)*$G$5)*(1+G12) -> 20258994
B13: Técnico constructor o Maestro de obra | C13: Un | D13: 1 | E13: 1 | F13: 2400000 | G13: 0.6633 | H13: =+D13*E13*((F13/30)*$G$5)*(1+G13) -> 11975760
B14: Comisión topografica (Incluye topografo, cadenero y equipo de topografia.) | C14: Un | D14: 1 | E14: 0.3 | F14: 5000000 | G14: 0.6633 | H14: =+D14*E14*((F14/30)*$G$5)*(1+G14) -> 7484850
B15: Trabajadora social | C15: Un | D15: 1 | E15: 0.5 | F15: 2900000 | G15: 0.6633 | H15: =+D15*E15*((F15/30)*$G$5)*(1+G15) -> 7235355
B16: Profesional en Seguridad y Salud en el Trabajo | C16: Un | D16: 1 | E16: 0.5 | F16: 2900000 | G16: 0.6633 | H16: =+D16*E16*((F16/30)*$G$5)*(1+G16) -> 7235355
B17: Ingeniero Ambiental | C17: Un | D17: 1 | E17: 0.3 | F17: 2900000 | G17: 0.6633 | H17: =+D17*E17*((F17/30)*$G$5)*(1+G17) -> 4341213
B18: Secretaria con prestaciones | C18: Un | D18: 1 | E18: 0.3 | F18: 1160000 | G18: 0.6995 | H18: =+D18*E18*((F18/30)*$G$5)*(1+G18) -> 1774278
B20: Elaboracion de informes, registros | C20: GL | D20: 1 | E20: 1 | F20: 300000 | H20: =+D20*F20*E5 -> 900000
B21: Ensayos de laboratorio | C21: Un | D21: 1 | E21: 1 | F21: 500000 | H21: =+D21*F21*E5 -> 1500000
B22: Un plan de calidad | C22: Gl | D22: 1 | E22: 1 | F22: 500000 | H22: =+D22*F22 -> 500000
A26: 2 | B26: GASTOS INDIRECTOS. | J26: =J30+J39+J43 -> 0.15385962
A27: 2.1 | B27: LEGALIZACION.
B28: Factor de formula circular | G28: =+L54+1 -> 1.3676 | K28: =J54 -> 0.3676
A30: 2.2 | B30: POLIZAS | I30: =SUM(H31:H37) -> 5668903.1 | J30: =+I30/$E$4 -> 0.011217971
B31: CUMPLIMIENTO DEL CONTRATO | C31: % | D31: 0.0006 | F31: =+$E$4 -> 505341235 | G31: =+$G$28 -> 1.3676 | H31: =(((F31*G31*D31)/365)*($G$5+120))*1.19 -> 283902.01 | J31: =+H31/$E$4 -> 0.00056180259
B32: SALARIOS Y PRESTACIONES SOCIALES | C32: % | D32: 0.0005 | F32: =+$E$4 -> 505341235 | G32: =+$G$28 -> 1.3676 | H32: =+(((F32*G32*D32)/365)*($G$5+1095))*1.19 -> 1335015.4 | J32: =+H32/$E$4 -> 0.0026418098
B33: BUEN MANEJO Y CORRECTA INVERSIÓN DEL ANTICIPO | C33: % | D33: 0 | F33: =+$E$4 -> 505341235 | G33: =+$G$28 -> 1.3676 | H33: =(((F33*G33*D33)/365)*($G$5+120))*1.19 -> 0 | J33: =+H33/$E$4 -> 0
B34: ESTABILIDAD DE OBRA | C34: % | D34: 0.0009 | F34: =+$E$4 -> 505341235 | G34: =+$G$28 -> 1.3676 | H34: =+(((F34*G34*D34)/365)*(1825))*1.19 -> 3700865.5 | J34: =+H34/$E$4 -> 0.007323498
B35: CALIDAD DEL SERVICIO | C35: % | D35: 0 | F35: =+$E$4 -> 505341235 | G35: =+$G$28 -> 1.3676 | H35: =(((F35*G35*D35)/365)*($G$5+120))*1.19 -> 0 | J35: =+H35/$E$4 -> 0
B36: CALIDAD DE LOS BIENES SUMINISTRADOS | C36: % | D36: 0 | F36: =+$E$4 -> 505341235 | G36: =+$G$28 -> 1.3676 | H36: =(((F36*G36*D36)/365)*($G$5+120))*1.19 -> 0 | J36: =+H36/$E$4 -> 0
B37: RESPONSABILIDAD CIVIL EXTRACONTRACTURAL | C37: % | D37: 0.0025 | F37: 348000000 | G37: =+$G$28 -> 1.3676 | H37: =+(((F37*G37*D37)/365)*($G$5+0))*1.19 -> 349120.18 | J37: =+H37/$E$4 -> 0.00069086026
A39: 2.3 | B39: VALLAS Y SEÑALIZACIÓN | I39: =SUM(H40:H41) -> 4700000 | J39: =+I39/$E$4 -> 0.0093006461
B40: Señalización obra (señalizacion vertical, delineadores y cinta) etc | C40: Gb | D40: 1 | F40: 4000000 | H40: =+F40*D40 -> 4000000 | J40: =+H40/$E$4 -> 0.0079154435
B41: Valla (8 metros cuadrados en lona) | C41: Un | D41: 1 | F41: 700000 | H41: =+D41*F41 -> 700000 | J41: =+H41/$E$4 -> 0.0013852026
A43: 2.4 | B43: IMPUESTOS Y VALORES AGREGADOS | I43: =SUM(H44:H50) -> 67382706 | J43: =+I43/$E$4 -> 0.133341
B44: Contribución Especial (Seguridad Ciudadana) | C44: % | D44: 0.05 | F44: =+$E$4 -> 505341235 | G44: =+$G$28 -> 1.3676 | H44: =+D44*F44*G44 -> 34555234 | J44: =+H44/$E$4 -> 0.06838
B45: Estampillas para el bienestar del adulto mayor | C45: % | D45: 0.02 | F45: =+$E$4 -> 505341235 | G45: =+$G$28 -> 1.3676 | H45: =+D45*F45*G45 -> 13822093 | J45: =+H45/$E$4 -> 0.027352
B46: Estampilla pro cultura | C46: % | D46: 0.005 | F46: =+$E$4 -> 505341235 | G46: =+$G$28 -> 1.3676 | H46: =+D46*F46*G46 -> 3455523.4 | J46: =+H46/$E$4 -> 0.006838
B47: Tasa pro deporte y recreación | C47: % | D47: 0.005 | F47: =+$E$4 -> 505341235 | G47: =+$G$28 -> 1.3676 | H47: =+D47*F47*G47 -> 3455523.4 | J47: =+H47/$E$4 -> 0.006838
B48: Estampillas Pro - Universidades. | C48: % | D48: 0.01 | F48: =+$E$4 -> 505341235 | G48: =+$G$28 -> 1.3676 | H48: =+D48*F48*G48 -> 6911046.7 | J48: =+H48/$E$4 -> 0.013676
B49: 4/1000 (transacciones financieras) | C49: % | D49: 0.004 | F49: =+$E$4 -> 505341235 | G49: =+$G$28 -> 1.3676 | H49: =+D49*F49*G49 -> 2764418.7 | J49: =+H49/$E$4 -> 0.0054704
B50: Industria y Comercio 3,7 x 1.000 sobre valor total. | C50: % | D50: 0.0035 | F50: =+$E$4 -> 505341235 | G50: =+$G$28 -> 1.3676 | H50: =+D50*F50*G50 -> 2418866.4 | J50: =+H50/$E$4 -> 0.0047866
B51: TOTAL GASTOS INDIRECTOS DE ADMINISTRACION. | I51: =SUM(I10:I50) -> 1.5542812e+08 | J51: =+ROUND((J9+J26),4) -> 0.3076
B52: IMPREVISTO: | J52: 0
B53: UTILIDAD (+ IVA).: | I53: 0.06 | J53: 0.06
B54: A.I.U. | J54: =SUM(J51+J52+J53) -> 0.3676 | L54: 0.3676

Sheet APUS
A1: PRELIMINARES
A3: CODIGO | B3: CODINSUMO | C3: INSUMO | D3: TIPO | E3: UNIDAD | F3: REND | G3: UNITARIO | H3: TOTAL | I3: + AIU | J3: =+PRESUPUESTO!K96 -> 0.3676
A4: 001.085 | B4: - | C4: LOCALIZACION Y REPLANTEO DE VIAS incluye eje de via y laterales con andenes | D4: Actividad | E4: ML | H4: =SUM(H5:H9) -> 3953 | I4: =+ROUND(H4*(1+$J$3),0) -> 5406
A5: 001.085 | B5: H2 | C5: EQUIPO BASICO (HERRAMIENTA MENOR) | D5: Herramienta | E5: UND | F5: 0.05 | G5: =+VLOOKUP(B5,[28]Insumos!$A$2:$F$2700,5,FALSE) -> 3030 | H5: =+ROUND(F5*G5,0) -> 152
A6: 001.085 | B6: I1015 | C6: PINTURA ACRILICA PARA TRAFICO TIPO PINTUCO (PINTUTRÁFICO) O SIMILAR - COLORES: BLANCO, AMARILLO O NEGRO SEGÚN DISEÑO. | D6: Insumo | E6: GAL | F6: 0.008 | G6: =+VLOOKUP(B6,[28]Insumos!$A$2:$F$2700,5,FALSE) -> 109512 | H6: =+ROUND(F6*G6,0) -> 876
A7: 001.085 | B7: I1562 | C7: COMISION TOPOGRAFICA (INCLUYE TOPOGRAFO, CADENERO Y EQUIPO TOPOGRAFÍA (ESTACIÓN Y NIVEL)). | D7: Insumo | E7: DIA | F7: 0.004 | G7: =+VLOOKUP(B7,[28]Insumos!$A$2:$F$2700,5,FALSE) -> 601935 | H7: =+ROUND(F7*G7,0) -> 2408
A8: 001.085 | B8: I425 | C8: PUNTILLA CON CABEZA 2" | D8: Insumo | E8: LB | F8: 0.01 | G8: =+VLOOKUP(B8,[28]Insumos!$A$2:$F$2700,5,FALSE) -> 4283 | H8: =+ROUND(F8*G8,0) -> 43
A9: 001.085 | B9: I998 | C9: LATA DE GUADUA | D9: Insumo | E9: UND | F9: 1 | G9: =+VLOOKUP(B9,[28]Insumos!$A$2:$F$2700,5,FALSE) -> 474 | H9: =+ROUND(F9*G9,0) -> 474
A11: CODIGO | B11: CODINSUMO | C11: INSUMO | D11: TIPO | E11: UNIDAD | F11: REND | G11: UNITARIO | H11: TOTAL | I11: + AIU
A12: 001.046 | B12: - | C12: SUMINISTRO, TRANSPORTE E INSTALACION CAMPAMENTO PROVISIONAL | D12: Actividad | E12: M2 | H12: =SUM(H13:H20) -> 156163 | I12: =+ROUND(H12*(1+$J$3),0) -> 213569
A13: 001.046 | B13: AB4 | C13: CONCRETO 2500 psi - 17.5 Mpa | D13: Analisis | E13: M3 | F13: 0.05 | G13: =+VLOOKUP(B13,[28]Insumos!$A$2:$F$2700,5,FALSE) -> 456939 | H13: =+ROUND(F13*G13,0) -> 22847
A14: 001.046 | B14: C15 | C14: CUADRILLA AA TIPO 3 (1 OFICIAL + 3 AYUDANTE) (Albañileria) | D14: Cuadrilla | E14: HR | F14: 0.85 | G14: =+VLOOKUP(B14,[28]Insumos!$A$2:$F$2700,5,FALSE) -> 37748 | H14: =+ROUND(F14*G14,0) -> 32086
A15: 001.046 | B15: E14 | C15: MEZCLADORA A GASOLINA 1 SACO | D15: Equipos | E15: DIA | F15: 0.021 | G15: =+VLOOKUP(B15,[28]Insumos!$A$2:$F$2700,5,FALSE) -> 41331 | H15: =+ROUND(F15*G15,0) -> 868
A16: 001.046 | B16: H1 | C16: EQUIPO BASICO ( CONSTRUCCIÓN ) | D16: Herramienta | E16: UND | F16: 0.85 | G16: =+VLOOKUP(B16,[28]Insumos!$A$2:$F$2700,5,FALSE) -> 3030 | H16: =+ROUND(F16*G16,0) -> 2576
A17: 001.046 | B17: I1614 | C17: PUERTAS Y VENTANAS EN TABLA PARA CAMPAMENTO | D17: Insumo | E17: M2 | F17: 0.515 | G17: =+VLOOKUP(B17,[28]Insumos!$A$2:$F$2700,5,FALSE) -> 3869 | H17: =+ROUND(F17*G17,0) -> 1993
A18: 001.046 | B18: I1619 | C18: INSTALACIONES PROVISIONALES | D18: Insumo | E18: UND | F18: 1.03 | G18: =+VLOOKUP(B18,[28]Insumos!$A$2:$F$2700,5,FALSE) -> 19864 | H18: =+ROUND(F18*G18,0) -> 20460
A19: 001.046 | B19: I1620 | C19: GUADUA-TABLA-CUARTÓN-LISTÓN-VARILLÓN PARA CAMPAMENTO | D19: Insumo | E19: M2 | F19: 0.515 | G19: =+VLOOKUP(B19,[28]Insumos!$A$2:$F$2700,5,FALSE) -> 121817 | H19: =+ROUND(F19*G19,0) -> 62736
A20: 001.046 | B20: I302 | C20: TEJA DE ZINC ONDULADA TZO L=2.44X0.80 | D20: Insumo | E20: UND | F20: 0.35 | G20: =+VLOOKUP(B20,[28]Insumos!$A$2:$F$2700,5,FALSE) -> 35992 | H20: =+ROUND(F20*G20,0) -> 12597
A22: CODIGO | B22: CODINSUMO | C22: INSUMO | D22: TIPO | E22: UNIDAD | F22: REND | G22: UNITARIO | H22: TOTAL | I22: + AIU
A23: 001.050 | B23: - | C23: INSTALACION PROVISIONAL DE ACUEDUCTO | D23: Actividad | E23: MES | H23: =SUM(H24) -> 75178 | I23: =+ROUND(H23*(1+$J$3),0) -> 102813
A24: 001.050 | B24: I1558 | C24: SERVICIO DE AGUA | D24: Insumo | E24: MES | F24: 1 | G24: =+VLOOKUP(B24,[28]Insumos!$A$2:$F$2700,5,FALSE) -> 75178 | H24: =+ROUND(F24*G24,0) -> 75178
A26: CODIGO | B26: CODINSUMO | C26: INSUMO | D26: TIPO | E26: UNIDAD | F26: REND | G26: UNITARIO | H26: TOTAL | I26: + AIU
A27: 001.051 | B27: - | C27: INSTALACION PROVISIONAL DE ENERGIA | D27: Actividad | E27: MES | H27: =SUM(H28) -> 66823 | I27: =+ROUND(H27*(1+$J$3),0) -> 91387
A28: 001.051 | B28: I1559 | C28: SERVICIO DE ENERGIA | D28: Insumo | E28: MES | F28: 1 | G28: =+VLOOKUP(B28,[28]Insumos!$A$2:$F$2700,5,FALSE) -> 66823 | H28: =+ROUND(F28*G28,0) -> 66823
A30: CODIGO | B30: CODINSUMO | C30: INSUMO | D30: TIPO | E30: UNIDAD | F30: REND | G30: UNITARIO | H30: TOTAL | I30: + AIU
C31: CORTE, CICATRIZACIÓN Y REMOCIÓN DE RAICES | D31: Actividad | E31: UND | H31: =ROUND(SUM(H32),0) -> 780819 | I31: =+ROUND(H31*(1+$J$3),0) -> 1067848
C32: ERRADICACIÓN Y PODA DE RAIZ CON EQUIPO ESPECIALIZADO, (1 OPERARIO DE MOTOSIERRA + 1 AYUDANTE) INCLUYE (Equipo de motosierristas, equipo de trabajo contra caidas, certificados TSA, Los residuos deben ser recolectados, transportados y dispuestos conforme con la normatividad vigente). | D32: Cuadrilla-Equipo | E32: UND | F32: 1 | G32: 780818.65 | H32: =+ROUND(F32*G32,0) -> 780819
A34: CODIGO | B34: CODINSUMO | C34: INSUMO | D34: TIPO | E34: UNIDAD | F34: REND | G34: UNITARIO | H34: TOTAL | I34: + AIU
A35: 001.060 | B35: - | C35: SUMINISTRO, TRANSPORTE E INSTALACION TECHADO MOVIBLE EN GUADUA Y PLÁSTICO | D35: Actividad | E35: M2 | H35: =ROUND(SUM(H36:H41),0) -> 6853 | I35: =+ROUND(H35*(1+$J$3),0) -> 9372
A36: 001.060 | B36: C22 | C36: CUADRILLA AA TIPO 4 (1 OFICIAL + 4 AYUDANTE) (Albañileria) | D36: Cuadrilla | E36: HR | F36: 0.05 | G36: 45954 | H36: =F36*G36 -> 2297.7
A37: 001.060 | B37: E12 | C37: EQUIPO DE TRANSPORTE | D37: Equipos | E37: DIA | F37: 0.00052 | G37: 156760 | H37: =F37*G37 -> 81.5152
A38: 001.060 | B38: H2 | C38: EQUIPO BASICO (HERRAMIENTA MENOR) | D38: Herramienta | E38: UND | F38: 0.15 | G38: 3030 | H38: =F38*G38 -> 454.5
A39: 001.060 | B39: I1565 | C39: ACARREO INTERNO | D39: Insumo | E39: UND | F39: 0.159 | G39: 1586 | H39: =F39*G39 -> 252.174
A40: 001.060 | B40: I455 | C40: ESTRUCTURA EN GUADUA | D40: Insumo | E40: M2 | F40: 0.25 | G40: 2741 | H40: =F40*G40 -> 685.25
A41: 001.060 | B41: I456 | C41: PLÁSTICO TRANSPARENTE CALIBRE 6 | D41: Insumo | E41: M2 | F41: 1 | G41: 3082 | H41: =F41*G41 -> 3082
A43: MOVIMIENTO DE TIERRA
A45: CODIGO | B45: CODINSUMO | C45: INSUMO | D45: TIPO | E45: UNIDAD | F45: REND | G45: UNITARIO | H45: TOTAL | I45: + AIU
A46: 002.016 | B46: - | C46: EXCAVACIÓN A CIELO ABIERTO - MATERIAL COMÚN - 0.0 A 2.0 M | D46: Actividad | E46: M3 | H46: =SUM(H47:H49) -> 28631 | I46: =+ROUND(H46*(1+$J$3),0) -> 39156
A47: 002.016 | B47: C22 | C47: CUADRILLA AA TIPO 4 (1 OFICIAL + 4 AYUDANTE) (Albañileria) | D47: Cuadrilla | E47: HR | F47: 0.54 | G47: =+VLOOKUP(B47,[28]Insumos!$A$2:$F$2700,5,FALSE) -> 45954 | H47: =+ROUND(F47*G47,0) -> 24815
A48: 002.016 | B48: E37 | C48: MANEJO DE AGUAS PARA PROTECCION DE LA ZONA DE EXCAVACION(SUELO CEMENTO 10:1) | D48: Insumo | E48: M3 | F48: 0.045 | G48: 57864 | H48: =+ROUND(F48*G48,0) -> 2604
A49: 002.016 | B49: H2 | C49: EQUIPO BASICO (HERRAMIENTA MENOR) | D49: Herramienta | E49: UND | F49: 0.4 | G49: =+VLOOKUP(B49,[28]Insumos!$A$2:$F$2700,5,FALSE) -> 3030 | H49: =+ROUND(F49*G49,0) -> 1212
A51: CODIGO | B51: CODINSUMO | C51: INSUMO | D51: TIPO | E51: UNIDAD | F51: REND | G51: UNITARIO | H51: TOTAL | I51: + AIU
A52: 002.032 | B52: - | C52: RETIRO DE MATERIAL SOBRANTE EN VOLQUETA, CARGUE MANUAL | D52: Actividad | E52: M3 | H52: =SUM(H53:H56) -> 43990 | I52: =+ROUND(H52*(1+$J$3),0) -> 60161
A53: 002.032 | B53: C15 | C53: CUADRILLA AA TIPO 3 (1 OFICIAL + 3 AYUDANTE) (Albañileria) | D53: Cuadrilla | E53: HR | F53: 0.217 | G53: =+VLOOKUP(B53,[28]Insumos!$A$2:$F$2700,5,FALSE) -> 37748 | H53: =+ROUND(F53*G53,0) -> 8191
A54: 002.032 | B54: E24 | C54: VOLQUETA 6M3 (CARGUE A MANO) | D54: Equipos | E54: VJE | F54: 0.217 | G54: =+VLOOKUP(B54,[28]Insumos!$A$2:$F$2700,5,FALSE) -> 141086 | H54: =+ROUND(F54*G54,0) -> 30616
A55: 002.032 | B55: H2 | C55: EQUIPO BASICO (HERRAMIENTA MENOR) | D55: Herramienta | E55: UND | F55: 0.217 | G55: =+VLOOKUP(B55,[28]Insumos!$A$2:$F$2700,5,FALSE) -> 3030 | H55: =+ROUND(F55*G55,0) -> 658
A56: 002.055 | C56: PERMISO ZONA DE DEPOSITO AUTORIZADA | E56: M3 | F56: 1 | G56: 4525 | H56: =+ROUND(F56*G56,0) -> 4525
A58: CODIGO | B58: CODINSUMO | C58: INSUMO | D58: TIPO | E58: UNIDAD | F58: REND | G58: UNITARIO | H58: TOTAL | I58: + AIU
A59: 002.022 | B59: - | C59: CONFORMACION TALUDES EN TIERRA | D59: Actividad | E59: M3 | H59: =SUM(H60:H65) -> 47174 | I59: =+ROUND(H59*(1+$J$3),0) -> 64515
A60: 002.022 | B60: C22 | C60: CUADRILLA AA TIPO 4 (1 OFICIAL + 4 AYUDANTE) (Albañileria) | D60: Cuadrilla | E60: HR | F60: 0.8 | G60: 45954 | H60: 36763
A61: 002.022 | B61: E27 | C61: VOLQUETA 6M3 (CARGUE A MANO) | D61: Equipos | E61: VJE | F61: 0.008 | G61: 198398 | H61: 1587
A62: 002.022 | B62: H2 | C62: EQUIPO BASICO (HERRAMIENTA MENOR) | D62: Herramienta | E62: UND | F62: 0.5 | G62: 3030 | H62: 1515
A63: 002.022 | B63: I1563 | C63: CONTROL DE AGUAS | D63: Insumo | E63: UND | F63: 0.09 | G63: 27722 | H63: 2495
A64: 002.022 | B64: I1565 | C64: ACARREO INTERNO | D64: Insumo | E64: UND | F64: 0.182 | G64: 1586 | H64: 289
A65: 002.022 | C65: PERMISO ZONA DE DEPOSITO AUTORIZADA | E65: M3 | F65: 1 | G65: 4525 | H65: =+ROUND(F65*G65,0) -> 4525
A67: DEMOLICIONES
A69: CODIGO | B69: CODINSUMO | C69: INSUMO | D69: TIPO | E69: UNIDAD | F69: REND | G69: UNITARIO | H69: TOTAL | I69: + AIU
A70: 029.007 | B70: - | C70: DEMOLICIÓN DE ANDENES Y SARDINELES EN CONCRETO HIDRÁULICO | D70: Actividad | E70: M3 | H70: =SUM(H71:H76) -> 116864.2 | I70: =+ROUND(H70*(1+$J$3),0) -> 159823
A71: 029.007 | B71: C1 | C71: CUADRILLA AA TIPO 1 (1 OFICIAL + 1 AYUDANTE) (Albañileria) | D71: Cuadrilla | E71: HR | F71: 0.78 | G71: 21336 | H71: 16642
A72: 029.007 | B72: E7 | C72: COMPRESOR 2 MARTILLOS (INCLUYE ACPM Y TRANSPORTE) | D72: Equipos | E72: HR | F72: 0.7 | G72: 90929 | H72: 63650
A73: 029.007 | B73: E24 | C73: VOLQUETA 6M3 (CARGUE A MANO) | D73: Equipos | E73: VJE | F73: 0.2 | G73: 141086 | H73: =F73*G73 -> 28217.2
A74: 029.007 | B74: H2 | C74: EQUIPO BASICO (HERRAMIENTA MENOR) | D74: Herramienta | E74: UND | F74: 0.78 | G74: 3030 | H74: 2363
A75: 029.007 | B75: I1565 | C75: ACARREO INTERNO | D75: Insumo | E75: UND | F75: 0.925 | G75: 1586 | H75: 1467
A76: 029.007 | C76: PERMISO ZONA DE DEPOSITO AUTORIZADA | E76: M3 | F76: 1 | G76: 4525 | H76: =+ROUND(F76*G76,0) -> 4525
A78: CODIGO | B78: CODINSUMO | C78: INSUMO | D78: TIPO | E78: UNIDAD | F78: REND | G78: UNITARIO | H78: TOTAL | I78: + AIU
A79: 033.087 | B79: - | C79: DEMOLICION DE ESTRUCTURAS DE CONCRETO REFORZADO | D79: Actividad | E79: M3 | H79: =ROUND(SUM(H80:H85),0) -> 152838 | I79: =+ROUND(H79*(1+$J$3),0) -> 209021
A80: 033.087 | B80: C22 | C80: CUADRILLA AA TIPO 4 (1 OFICIAL + 4 AYUDANTE) (Albañileria) | D80: Cuadrilla | E80: HR | F80: 0.75 | G80: 45954 | H80: =F80*G80 -> 34465.5
A81: 033.087 | B81: E24 | C81: VOLQUETA 6M3 (CARGUE A MANO) | D81: Equipos | E81: VJE | F81: 0.2 | G81: 141086 | H81: =F81*G81 -> 28217.2
A82: 033.087 | B82: E7 | C82: COMPRESOR 2 MARTILLOS (INCLUYE ACPM Y TRANSPORTE) | D82: Equipos | E82: HR | F82: 0.9 | G82: 90929 | H82: =F82*G82 -> 81836.1
A83: 033.087 | B83: H2 | C83: EQUIPO BASICO (HERRAMIENTA MENOR) | D83: Herramienta | E83: UND | F83: 0.75 | G83: 3030 | H83: =F83*G83 -> 2272.5
A84: 033.087 | B84: I1565 | C84: ACARREO INTERNO | D84: Insumo | E84: UND | F84: 0.9596 | G84: 1586 | H84: =F84*G84 -> 1521.9256
A85: 029.007 | C85: PERMISO ZONA DE DEPOSITO AUTORIZADA | E85: M3 | F85: 1 | G85: 4525 | H85: =+ROUND(F85*G85,0) -> 4525
A87: CONCRETOS
A89: CODIGO | B89: CODINSUMO | C89: INSUMO | D89: TIPO | E89: UNIDAD | F89: REND | G89: UNITARIO | H89: TOTAL | I89: + AIU
A90: 033.117 | B90: - | C90: SUMINISTRO, TRANSPORTE E INSTALACION PAVIMENTO EN CONCRETO PREMEZCLADO MR 42 | D90: Actividad | E90: M3 | H90: =SUM(H91:H101) -> 890349.46 | I90: =+ROUND(H90*(1+$J$3),0) -> 1217642
A91: 033.117 | B91: C22 | C91: CUADRILLA AA TIPO 4 (1 OFICIAL + 4 AYUDANTE) (Albañileria) | D91: Cuadrilla | E91: HR | F91: 2.1 | G91: 45954 | H91: =F91*G91 -> 96503.4
A92: 033.117 | B92: E12 | C92: EQUIPO DE TRANSPORTE | D92: Equipos | E92: DIA | F92: 0.0942 | G92: 156760 | H92: =F92*G92 -> 14766.792
A93: 033.117 | B93: E16 | C93: REGLA VIBRATORIA | D93: Equipos | E93: DIA | F93: 0.1 | G93: 90929 | H93: =F93*G93 -> 9092.9
A94: 033.117 | B94: E21 | C94: VIBRADOR A GASOLINA | D94: Equipos | E94: DIA | F94: 0.1 | G94: 62066 | H94: =F94*G94 -> 6206.6
A95: 033.117 | B95: H2 | C95: EQUIPO BASICO (HERRAMIENTA MENOR) | D95: Herramienta | E95: UND | F95: 2.1 | G95: 3030 | H95: =F95*G95 -> 6363
A96: 033.117 | B96: I1565 | C96: ACARREO INTERNO | D96: Insumo | E96: UND | F96: 9.7 | G96: 1586 | H96: =F96*G96 -> 15384.2
A97: 033.117 | B97: I285 | C97: CONCRETO PREMEZCLADO PARA PAVIMENTO MR 42 KG/CM2 | D97: Insumo | E97: M3 | F97: 1.05 | G97: 678601 | H97: =F97*G97 -> 712531.05
A98: 033.117 | B98: I424 | C98: PUNTILLA CON CABEZA 1" | D98: Insumo | E98: LB | F98: 0.2 | G98: 4283 | H98: =F98*G98 -> 856.6
A99: 033.117 | B99: I478 | C99: ADITIVO PARA CURAR EL CONCRETO | D99: Insumo | E99: UND | F99: 0.09 | G99: 40623 | H99: =F99*G99 -> 3656.07
A100: 033.117 | B100: I990 | C100: TABLA 1"X10"X3M | D100: Insumo | E100: UND | F100: 0.8 | G100: 12672 | H100: =F100*G100 -> 10137.6
A101: 033.117 | B101: I991 | C101: CUARTON 2"X4"X3M | D101: Insumo | E101: UND | F101: 1.25 | G101: 11881 | H101: =F101*G101 -> 14851.25
A103: CODIGO | B103: CODINSUMO | C103: INSUMO | D103: TIPO | E103: UNIDAD | F103: REND | G103: UNITARIO | H103: TOTAL | I103: + AIU
A104: 021.016 | B104: - | C104: SUMINISTRO, TRANSPORTE E INSTALACION SARDINEL ANCHO = 20 CM H = ENTRE 17 Y 24 CM EN CONCRETO 3000 PSI | D104: Actividad | E104: ML | H104: =SUM(H105:H111) -> 54332 | I104: =+ROUND(H104*(1+$J$3),0) -> 74304
A105: 021.016 | B105: AB5 | C105: CONCRETO 3000 psi - 21 Mpa | D105: Analisis | E105: M3 | F105: 0.033 | G105: 505796 | H105: 16691
A106: 021.016 | B106: C15 | C106: CUADRILLA AA TIPO 3 (1 OFICIAL + 3 AYUDANTE) (Albañileria) | D106: Cuadrilla | E106: HR | F106: 0.75 | G106: 37748 | H106: 28311
A107: 021.016 | B107: H2 | C107: EQUIPO BASICO (HERRAMIENTA MENOR) | D107: Herramienta | E107: UND | F107: 1.5 | G107: 3030 | H107: 4545
A108: 021.016 | B108: I424 | C108: PUNTILLA CON CABEZA 1" | D108: Insumo | E108: LB | F108: 0.1 | G108: 4283 | H108: 428
A109: 021.016 | B109: I478 | C109: ADITIVO PARA CURAR EL CONCRETO | D109: Insumo | E109: UND | F109: 0.01 | G109: 40623 | H109: 406
A110: 021.016 | B110: I957 | C110: LISTON 2 X 4 | D110: Insumo | E110: M | F110: 0.3 | G110: 3875 | H110: 1163
A111: 021.016 | B111: I990 | C111: TABLA 1"X10"X3M | D111: Insumo | E111: UND | F111: 0.22 | G111: 12672 | H111: 2788
A113: CODIGO | B113: CODINSUMO | C113: INSUMO | D113: TIPO | E113: UNIDAD | F113: REND | G113: UNITARIO | H113: TOTAL | I113: + AIU
A114: 023.044 | B114: - | C114: SUMINISTRO, TRANSPORTE E INSTALACIÓN DE ADITIVO PARA ACELERAR FRAGUADO A SIETE (7) DIAS (ACELERANTE) DE UN M3 DE CONCRETO PAVIMENTO MR 42 | D114: Actividad | E114: M3 | H114: =SUM(H115:H119) -> 101263 | I114: =+ROUND(H114*(1+$J$3),0) -> 138487
A115: 023.044 | B115: C1 | C115: CUADRILLA AA TIPO 1 (1 OFICIAL + 1 AYUDANTE) (Albañileria) | D115: Cuadrilla | E115: HR | F115: 0.2 | G115: =+VLOOKUP(B115,[28]Insumos!$A$2:$F$2700,5,FALSE) -> 21336 | H115: =+ROUND(F115*G115,0) -> 4267
A116: 023.044 | B116: E12 | C116: EQUIPO DE TRANSPORTE | D116: Equipos | E116: DIA | F116: 0.0112 | G116: =+VLOOKUP(B116,[28]Insumos!$A$2:$F$2700,5,FALSE) -> 156760 | H116: =+ROUND(F116*G116,0) -> 1756
A117: 023.044 | B117: H2 | C117: EQUIPO BASICO (HERRAMIENTA MENOR) | D117: Herramienta | E117: UND | F117: 0.3 | G117: =+VLOOKUP(B117,[28]Insumos!$A$2:$F$2700,5,FALSE) -> 3030 | H117: =+ROUND(F117*G117,0) -> 909
...

Sheet LOCALIZACIÓN Y REPLANTEO
D2: MUNICIPIO DE MANIZALES | J2: Página 1 de 1
J4: MEMORIA CANTIDADES
B6: OBJETO: | C6: ADECUACIÓN DEL ESPACIO PÚBLICO MEDIANTE LA CONSTRUCCIÓN DE PEATONALES TIPO BULEVAR SOBRE LA AVENIDA CUMANDAY (CARRERA 35) EN EL SENTIDO DE ASCENSO AL BARRIO LA ENEA ENTRE LA AVENIDA PANAMERICANA Y LA CALLE 98, COSTADO IZQUIERDO MANIZALES – CALDAS" | H6: FECHA
H7: DÍA | I7: MES | J7: AÑO
B8: CONTRATISTA: | H8: 25 | I8: 7 | J8: =+SARDINEL!$J$8 -> 2023
B9: CONTRATO:
B12: # ÍTEM | C12: DESCRIPCIÓN ÍTEM | D12: UNIDAD | E12: DIMENSIÓN | H12: TOTAL ML | I12: LOCALIZACIÓN
E13: LARGO | F13: ANCHO | I13: LUGAR
B14: =+PRESUPUESTO!D13 -> 001.085 | C14: =+PRESUPUESTO!G13 -> LOCALIZACION Y REPLANTEO DE VIAS incluye eje de via y laterales con andenes | D14: =+PRESUPUESTO!H13 -> ML | E14: =142.4+20 -> 162.4 | H14: =+E14 -> 162.4 | I14: Tramo 3, Entrada puente peatonal hasta calle 97
E15: 102 | H15: =+E15 -> 102 | I15: Tramo 2, Calle 97 hasta calle 97B
E16: 99 | H16: =+E16 -> 99 | I16: Tramo 1, Calle 97B hasta Calle 98
H17: =+E17 -> 0
H18: =+E18 -> 0
H19: =+E19 -> 0
H20: =+E20 -> 0
B21: TOTAL ÍTEM | H21: =ROUND(SUM(H14:H20),1) -> 363.4
B23: DIAGRAMA
B29: FIRMAR | E29: FIRMA
B30: ING RESIDENTE | E30: SUPERVISIÓN TÉCNICA

Sheet CAMPAMENTO PROVISIONAL 
D2: MUNICIPIO DE MANIZALES | J2: Página 1 de 1
J4: MEMORIA CANTIDADES
B6: OBJETO: | C6: ADECUACIÓN DEL ESPACIO PÚBLICO MEDIANTE LA CONSTRUCCIÓN DE PEATONALES TIPO BULEVAR SOBRE LA AVENIDA CUMANDAY (CARRERA 35) EN EL SENTIDO DE ASCENSO AL BARRIO LA ENEA ENTRE LA AVENIDA PANAMERICANA Y LA CALLE 98, COSTADO IZQUIERDO MANIZALES – CALDAS" | H6: FECHA
H7: DÍA | I7: MES | J7: AÑO
B8: CONTRATISTA: | H8: 25 | I8: 7 | J8: =+SARDINEL!$J$8 -> 2023
B9: CONTRATO:
B12: # ÍTEM | C12: DESCRIPCIÓN ÍTEM | D12: UNIDAD | E12: DIMENSIÓN | H12: TOTAL M2 | I12: LOCALIZACIÓN
E13: LARGO | F13: ANCHO | I13: LUGAR
B14: =+PRESUPUESTO!D14 -> 001.046 | C14: =+PRESUPUESTO!G14 -> SUMINISTRO, TRANSPORTE E INSTALACION CAMPAMENTO PROVISIONAL | D14: =+PRESUPUESTO!H14 -> M2 | E14: 8 | F14: 3 | H14: =+E14*F14 -> 24
H15: =+E15 -> 0
H16: =+E16*F16 -> 0
H17: =+E17*F17 -> 0
H18: =+E18*F18 -> 0
H19: =+E19*F19 -> 0
H20: =+E20*F20 -> 0
H21: =+E21*F21 -> 0
H22: =+E22*F22 -> 0
B23: TOTAL ÍTEM | H23: =ROUND(SUM(H14:H22),1) -> 24
B25: DIAGRAMA
B44: FIRMAR | E44: FIRMA
B45: ING RESIDENTE | E45: SUPERVISIÓN TÉCNICA

Sheet PROVISIONAL DE ACUEDUCTO 
D2: MUNICIPIO DE MANIZALES | J2: Página 1 de 1
J4: MEMORIA CANTIDADES
B6: OBJETO: | C6: ADECUACIÓN DEL ESPACIO PÚBLICO MEDIANTE LA CONSTRUCCIÓN DE PEATONALES TIPO BULEVAR SOBRE LA AVENIDA CUMANDAY (CARRERA 35) EN EL SENTIDO DE ASCENSO AL BARRIO LA ENEA ENTRE LA AVENIDA PANAMERICANA Y LA CALLE 98, COSTADO IZQUIERDO MANIZALES – CALDAS" | H6: FECHA
H7: DÍA | I7: MES | J7: AÑO
B8: CONTRATISTA: | H8: 25 | I8: 7 | J8: =+SARDINEL!$J$8 -> 2023
B9: CONTRATO:
B12: # ÍTEM | C12: DESCRIPCIÓN ÍTEM | D12: UNIDAD | E12: DIMENSIÓN | H12: TOTAL UND | I12: LOCALIZACIÓN
E13: UNIDAD | F13: CANTIDAD | I13: LUGAR
B14: =+PRESUPUESTO!D15 -> 001.050 | C14: =+PRESUPUESTO!G15 -> INSTALACION PROVISIONAL DE ACUEDUCTO | D14: =+PRESUPUESTO!H15 -> MES | E14: 3 | H14: =+E14 -> 3 | I14: MESES DE EJECUCIÓN
H15: =+E15 -> 0
H16: =+E16*F16 -> 0
H17: =+E17*F17 -> 0
H18: =+E18*F18 -> 0
H19: =+E19*F19 -> 0
B20: TOTAL ÍTEM | H20: =ROUND(SUM(H14:H19),1) -> 3
B22: DIAGRAMA
B41: FIRMAR | E41: FIRMA
B42: ING RESIDENTE | E42: SUPERVISIÓN TÉCNICA

Sheet PROVISIONAL DE ENERGIA
D2: MUNICIPIO DE MANIZALES | J2: Página 1 de 1
J4: MEMORIA CANTIDADES
B6: OBJETO: | C6: ADECUACIÓN DEL ESPACIO PÚBLICO MEDIANTE LA CONSTRUCCIÓN DE PEATONALES TIPO BULEVAR SOBRE LA AVENIDA CUMANDAY (CARRERA 35) EN EL SENTIDO DE ASCENSO AL BARRIO LA ENEA ENTRE LA AVENIDA PANAMERICANA Y LA CALLE 98, COSTADO IZQUIERDO MANIZALES – CALDAS" | H6: FECHA
H7: DÍA | I7: MES | J7: AÑO
B8: CONTRATISTA: | H8: 25 | I8: 7 | J8: =+SARDINEL!$J$8 -> 2023
B9: CONTRATO:
B12: # ÍTEM | C12: DESCRIPCIÓN ÍTEM | D12: UNIDAD | E12: DIMENSIÓN | H12: TOTAL UND | I12: LOCALIZACIÓN
E13: UNIDAD | F13: CANTIDAD | I13: LUGAR
B14: =+PRESUPUESTO!D16 -> 001.051 | C14: =+PRESUPUESTO!G16 -> INSTALACION PROVISIONAL DE ENERGIA | D14: =+PRESUPUESTO!H16 -> MES | E14: 3 | H14: =+E14 -> 3 | I14: MESES DE EJECUCIÓN
H15: =+E15 -> 0
H16: =+E16*F16 -> 0
H17: =+E17*F17 -> 0
H18: =+E18*F18 -> 0
H19: =+E19*F19 -> 0
H20: =+E20*F20 -> 0
H21: =+E21*F21 -> 0
B22: TOTAL ÍTEM | H22: =ROUND(SUM(H14:H21),1) -> 3
B24: DIAGRAMA
B43: FIRMAR | E43: FIRMA
B44: ING RESIDENTE | E44: SUPERVISIÓN TÉCNICA

Sheet CICATRIZACIÓN RAICES
D2: MUNICIPIO DE MANIZALES | J2: Página 1 de 1
J4: MEMORIA CANTIDADES
B6: OBJETO: | C6: ADECUACIÓN DEL ESPACIO PÚBLICO MEDIANTE LA CONSTRUCCIÓN DE PEATONALES TIPO BULEVAR SOBRE LA AVENIDA CUMANDAY (CARRERA 35) EN EL SENTIDO DE ASCENSO AL BARRIO LA ENEA ENTRE LA AVENIDA PANAMERICANA Y LA CALLE 98, COSTADO IZQUIERDO MANIZALES – CALDAS" | H6: FECHA
H7: DÍA | I7: MES | J7: AÑO
B8: CONTRATISTA: | H8: 25 | I8: 7 | J8: =+SARDINEL!$J$8 -> 2023
B9: CONTRATO:
B12: # ÍTEM | C12: DESCRIPCIÓN ÍTEM | D12: UNIDAD | E12: DIMENSIÓN | H12: CANTIDAD TOTAL | I12: LOCALIZACIÓN
E13: UNIDAD | F13: ANCHO | G13: CANTIDAD | I13: LUGAR
C14: CORTE, CICATRIZACIÓN Y REMOCIÓN DE RAICES | D14: UND | E14: 2 | G14: 1 | H14: =+E14 -> 2 | I14: Tramo 3
H15: =+E15 -> 0
H16: =+E16 -> 0
H17: =+E17 -> 0
H18: =+E18 -> 0
H19: =+E19 -> 0
H20: =+E20 -> 0
B21: TOTAL ÍTEM | H21: =ROUND(SUM(H14:H20),1) -> 2
B23: DIAGRAMA
B29: FIRMAR | E29: FIRMA
B30: ING RESIDENTE | E30: SUPERVISIÓN TÉCNICA

Sheet TECHADO MOVIBLE
D2: MUNICIPIO DE MANIZALES | J2: Página 1 de 1
J4: MEMORIA CANTIDADES
B6: OBJETO: | C6: ADECUACIÓN DEL ESPACIO PÚBLICO MEDIANTE LA CONSTRUCCIÓN DE PEATONALES TIPO BULEVAR SOBRE LA AVENIDA CUMANDAY (CARRERA 35) EN EL SENTIDO DE ASCENSO AL BARRIO LA ENEA ENTRE LA AVENIDA PANAMERICANA Y LA CALLE 98, COSTADO IZQUIERDO MANIZALES – CALDAS" | H6: FECHA
H7: DÍA | I7: MES | J7: AÑO
B8: CONTRATISTA: | H8: 25 | I8: 7 | J8: =+SARDINEL!$J$8 -> 2023
B9: CONTRATO:
B12: # ÍTEM | C12: DESCRIPCIÓN ÍTEM | D12: UNIDAD | E12: DIMENSIÓN | H12: TOTAL M2 | I12: LOCALIZACIÓN
E13: LARGO | F13: ANCHO | I13: LUGAR
B14: 1060 | C14: =PRESUPUESTO!G18 -> SUMINISTRO, TRANSPORTE E INSTALACION TECHADO MOVIBLE EN GUADUA Y PLÁSTICO | D14: =PRESUPUESTO!H18 -> M2 | E14: 10 | F14: 2 | H14: =+E14*F14 -> 20 | I14: Tramo 1
E15: 10 | F15: 2 | H15: =E15*F15 -> 20 | I15: Tramo 2
E16: 10 | F16: 2 | H16: =E16*F16 -> 20 | I16: Tramo 3
H17: =+E17 -> 0
H18: =+E18 -> 0
H19: =+E19 -> 0
H20: =+E20 -> 0
B21: TOTAL ÍTEM | H21: =ROUND(SUM(H14:H20),1) -> 60
B23: DIAGRAMA
B29: FIRMAR | E29: FIRMA
B30: ING RESIDENTE | E30: SUPERVISIÓN TÉCNICA

Sheet EXCAVACIÓN
D2: MUNICIPIO DE MANIZALES | J2: Página 1 de 1
J4: MEMORIA CANTIDADES
B6: OBJETO: | C6: ADECUACIÓN DEL ESPACIO PÚBLICO MEDIANTE LA CONSTRUCCIÓN DE PEATONALES TIPO BULEVAR SOBRE LA AVENIDA CUMANDAY (CARRERA 35) EN EL SENTIDO DE ASCENSO AL BARRIO LA ENEA ENTRE LA AVENIDA PANAMERICANA Y LA CALLE 98, COSTADO IZQUIERDO MANIZALES – CALDAS" | H6: FECHA
H7: DÍA | I7: MES | J7: AÑO
B8: CONTRATISTA: | H8: 25 | I8: 7 | J8: =+SARDINEL!$J$8 -> 2023
B9: CONTRATO:
B12: # ÍTEM | C12: DESCRIPCIÓN ÍTEM | D12: UNIDAD | E12: DIMENSIÓN | H12: TOTAL M3 | I12: LOCALIZACIÓN
E13: LARGO | F13: ANCHO | G13: ALTO | I13: TRAMO
B14: =+PRESUPUESTO!D21 -> 002.016 | C14: =+PRESUPUESTO!G21 -> EXCAVACIÓN A CIELO ABIERTO - MATERIAL COMÚN - 0.0 A 2.0 M | D14: =+PRESUPUESTO!H21 -> M3 | E14: 88 | F14: 0.2 | G14: 0.2 | H14: =+E14*F14*G14 -> 3.52 | I14: Tramo 1 bordillo interno
E15: 88 | F15: 0.2 | G15: 0.2 | H15: =+E15*F15*G15 -> 3.52 | I15: Tramo 1 bordillo externo
E16: 91 | F16: 0.2 | G16: 0.2 | H16: =+E16*F16*G16 -> 3.64 | I16: Tramo 2 bordillo interno
E17: 91 | F17: 0.2 | G17: 0.2 | H17: =+E17*F17*G17 -> 3.64 | I17: Tramo 2 bordillo externo
E18: =127+80 -> 207 | F18: 0.2 | G18: 0.2 | H18: =+E18*F18*G18 -> 8.28 | I18: Tramo 3 bordillo interno
E19: =127+80 -> 207 | F19: 0.2 | G19: 0.2 | H19: =+E19*F19*G19 -> 8.28 | I19: Tramo 3 bordillo externo
E20: =104+80 -> 184 | F20: 0.35 | G20: 0.2 | H20: =+E20*F20*G20 -> 12.88 | I20: Tramo 3b ampliació andén
E21: 178 | F21: 0.8 | G21: =0.2+0.2+0.2+0.2 -> 0.8 | H21: =+E21*F21*G21 -> 113.92 | I21: excavación en separador desde tramo 1 hasta el tramo 2
E22: =50+20 -> 70 | F22: 0.4 | G22: 0.8 | H22: =+E22*F22*G22 -> 22.4 | I22: excavación en separador desde la calle 96 hasta final Tramo 3
B27: TOTAL ÍTEM | H27: =ROUND(SUM(H14:H26),1) -> 180.1
B29: DIAGRAMA
B48: FIRMAR | E48: FIRMA
B49: ING RESIDENTE | E49: SUPERVISIÓN TÉCNICA

Sheet RETIRO DE MATERIAL SOBRANTE
D2: MUNICIPIO DE MANIZALES | J2: Página 1 de 1
J4: MEMORIA CANTIDADES
B6: OBJETO: | C6: ADECUACIÓN DEL ESPACIO PÚBLICO MEDIANTE LA CONSTRUCCIÓN DE PEATONALES TIPO BULEVAR SOBRE LA AVENIDA CUMANDAY (CARRERA 35) EN EL SENTIDO DE ASCENSO AL BARRIO LA ENEA ENTRE LA AVENIDA PANAMERICANA Y LA CALLE 98, COSTADO IZQUIERDO MANIZALES – CALDAS" | H6: FECHA
H7: DÍA | I7: MES | J7: AÑO
B8: CONTRATISTA: | H8: 25 | I8: 7 | J8: =+SARDINEL!$J$8 -> 2023
B9: CONTRATO:
B12: # ÍTEM | C12: DESCRIPCIÓN ÍTEM | D12: UNIDAD | E12: DIMENSIÓN | H12: TOTAL M3 | I12: LOCALIZACIÓN
E13: LARGO | F13: ANCHO | G13: ALTO | I13: TRAMO
B14: =+PRESUPUESTO!D22 -> 002.032 | C14: =+PRESUPUESTO!G22 -> RETIRO DE MATERIAL SOBRANTE EN VOLQUETA, CARGUE MANUAL | D14: =+PRESUPUESTO!H22 -> M3 | H14: =+EXCAVACIÓN!H27 -> 180.1 | I14: =+EXCAVACIÓN!C14 -> EXCAVACIÓN A CIELO ABIERTO - MATERIAL COMÚN - 0.0 A 2.0 M
H15: =+E15*F15*G15 -> 0
H16: =+E16*F16*G16 -> 0
H17: =+E17*F17*G17 -> 0
H18: =+E18*F18*G18 -> 0
H19: =+E19*F19*G19 -> 0
H20: =+E20*F20*G20 -> 0
H21: =+E21*F21*G21 -> 0
H22: =+E22*F22*G22 -> 0
H23: =+E23*F23*G23 -> 0
H24: =+E24*F24*G24 -> 0
H25: =+E25*F25*G25 -> 0
H26: =+E26*F26*G26 -> 0
... H28: =+E28*F28*G28 -> 0
B29: TOTAL ÍTEM | H29: =ROUND(SUM(H14:H28),1) -> 180.1
B31: DIAGRAMA
B50: FIRMAR | E50: FIRMA
B51: ING RESIDENTE | E51: SUPERVISIÓN TÉCNICA

Sheet CONFORMACIÓN TALUD
D2: MUNICIPIO DE MANIZALES | J2: Página 1 de 1
J4: MEMORIA CANTIDADES
B6: OBJETO: | C6: ADECUACIÓN DEL ESPACIO PÚBLICO MEDIANTE LA CONSTRUCCIÓN DE PEATONALES TIPO BULEVAR SOBRE LA AVENIDA CUMANDAY (CARRERA 35) EN EL SENTIDO DE ASCENSO AL BARRIO LA ENEA ENTRE LA AVENIDA PANAMERICANA Y LA CALLE 98, COSTADO IZQUIERDO MANIZALES – CALDAS" | H6: FECHA
H7: DÍA | I7: MES | J7: AÑO
B8: CONTRATISTA: | H8: 25 | I8: 7 | J8: =+SARDINEL!$J$8 -> 2023
B9: CONTRATO:
B12: # ÍTEM | C12: DESCRIPCIÓN ÍTEM | D12: UNIDAD | E12: DIMENSIÓN | H12: TOTAL M3 | I12: LOCALIZACIÓN
E13: LARGO | F13: ANCHO | G13: ALTO | I13: TRAMO
B14: =PRESUPUESTO!D23 -> 002.022 | C14: =PRESUPUESTO!G23 -> CONFORMACION TALUDES EN TIERRA | D14: =PRESUPUESTO!H23 -> M3 | E14: 28 | F14: 1 | G14: 2 | H14: =+E14*F14*G14 -> 56 | I14: Curva de acceso al bulevar
B22: TOTAL ÍTEM | H22: =ROUND(SUM(H14:H21),1) -> 56
B24: DIAGRAMA
B43: FIRMAR | E43: FIRMA
B44: ING RESIDENTE | E44: SUPERVISIÓN TÉCNICA

Sheet DEMOLICIONES 
D2: MUNICIPIO DE MANIZALES | J2: Página 1 de 1
J4: MEMORIA CANTIDADES
B6: OBJETO: | C6: ADECUACIÓN DEL ESPACIO PÚBLICO MEDIANTE LA CONSTRUCCIÓN DE PEATONALES TIPO BULEVAR SOBRE LA AVENIDA CUMANDAY (CARRERA 35) EN EL SENTIDO DE ASCENSO AL BARRIO LA ENEA ENTRE LA AVENIDA PANAMERICANA Y LA CALLE 98, COSTADO IZQUIERDO MANIZALES – CALDAS" | H6: FECHA
H7: DÍA | I7: MES | J7: AÑO
B8: CONTRATISTA: | H8: 25 | I8: 7 | J8: =+SARDINEL!$J$8 -> 2023
B9: CONTRATO:
B12: # ÍTEM | C12: DESCRIPCIÓN ÍTEM | D12: UNIDAD | E12: DIMENSIÓN | H12: TOTAL M3 | I12: LOCALIZACIÓN
E13: LARGO | F13: ANCHO | G13: ALTO | I13: LUGAR
B14: =PRESUPUESTO!D26 -> 029.007 | C14: =PRESUPUESTO!G26 -> DEMOLICIÓN DE ANDENES Y SARDINELES EN CONCRETO HIDRAULICO | D14: =PRESUPUESTO!H26 -> M3 | E14: =230+20 -> 250 | F14: 0.2 | G14: 0.2 | H14: =+E14*F14*G14 -> 10 | I14: Demolición bordillo separador
E15: 88 | F15: 0.2 | G15: 0.2 | H15: =+E15*F15*G15 -> 3.52 | I15: Demolición bordillo tramo 1
E16: 91 | F16: 0.2 | G16: 0.2 | H16: =+E16*F16*G16 -> 3.64 | I16: Demolición bordillo tramo 2
E17: =127+20 -> 147 | F17: 0.2 | G17: 0.2 | H17: =+E17*F17*G17 -> 5.88 | I17: Demolición bordillo tramo 3
E18: 88 | F18: 1.2 | G18: 0.1 | H18: =+E18*F18*G18 -> 10.56 | I18: Demolición andén tramo 1
E19: 91 | F19: 1.2 | G19: 0.1 | H19: =+E19*F19*G19 -> 10.92 | I19: Demolición andén tramo 2
E20: =127+20 -> 147 | F20: 1.2 | G20: 0.1 | H20: =+E20*F20*G20 -> 17.64 | I20: Demolición andén tramo 3
E21: 14 | F21: 2 | G21: 0.2 | H21: =+E21*F21*G21 -> 5.6 | I21: Demoliciones varias, rampas, placas entre otros
E22: 2 | F22: 0.1 | G22: 0.5 | H22: =+E22*F22*G22 -> 0.1 | I22: Camaras en separador
E23: 2 | F23: 0.1 | G23: 0.5 | H23: =+E23*F23*G23 -> 0.1 | I23: Camaras en separador
E24: 2 | F24: 0.1 | G24: 0.5 | H24: =+E24*F24*G24 -> 0.1 | I24: Camaras en separador
E25: 2 | F25: 0.1 | G25: 0.5 | H25: =+E25*F25*G25 -> 0.1 | I25: Camaras en separador
E26: 2 | F26: 0.1 | G26: 0.5 | H26: =+E26*F26*G26 -> 0.1 | I26: Camaras en separador
E27: 2 | F27: 0.1 | G27: 0.5 | H27: =+E27*F27*G27 -> 0.1 | I27: Camaras en separador
E28: 2 | F28: 0.1 | G28: 0.5 | H28: =+E28*F28*G28 -> 0.1 | I28: Camaras en separador
E29: 2 | F29: 0.1 | G29: 0.5 | H29: =+E29*F29*G29 -> 0.1 | I29: Camaras en separador
E30: 2 | F30: 0.1 | G30: 0.5 | H30: =+E30*F30*G30 -> 0.1 | I30: Camaras en separador
E31: 2 | F31: 0.1 | G31: 0.5 | H31: =+E31*F31*G31 -> 0.1 | I31: Camaras en separador
E32: 2 | F32: 0.1 | G32: 0.5 | H32: =+E32*F32*G32 -> 0.1 | I32: Camaras en separador
... E34: 2 | F34: 0.1 | G34: 0.5 | H34: =+E34*F34*G34 -> 0.1 | I34: Camaras en separador
B35: TOTAL ÍTEM | H35: =ROUND(SUM(H14:H34),1) -> 69.1
B37: DIAGRAMA
B56: FIRMAR | E56: FIRMA
B57: ING RESIDENTE | E57: SUPERVISIÓN TÉCNICA

Sheet DEMOLICIONES ESTRUCTURAS
D2: MUNICIPIO DE MANIZALES | J2: Página 1 de 1
J4: MEMORIA CANTIDADES
B6: OBJETO: | C6: ADECUACIÓN DEL ESPACIO PÚBLICO MEDIANTE LA CONSTRUCCIÓN DE PEATONALES TIPO BULEVAR SOBRE LA AVENIDA CUMANDAY (CARRERA 35) EN EL SENTIDO DE ASCENSO AL BARRIO LA ENEA ENTRE LA AVENIDA PANAMERICANA Y LA CALLE 98, COSTADO IZQUIERDO MANIZALES – CALDAS" | H6: FECHA
H7: DÍA | I7: MES | J7: AÑO
B8: CONTRATISTA: | H8: 25 | I8: 7 | J8: =+SARDINEL!$J$8 -> 2023
B9: CONTRATO:
B12: # ÍTEM | C12: DESCRIPCIÓN ÍTEM | D12: UNIDAD | E12: DIMENSIÓN | H12: TOTAL M3 | I12: LOCALIZACIÓN
E13: LARGO | F13: ANCHO | G13: ALTO | I13: LUGAR
B14: =PRESUPUESTO!D27 -> 033.087 | C14: =PRESUPUESTO!G27 -> DEMOLICION DE ESTRUCTURAS DE CONCRETO REFORZADO | D14: =PRESUPUESTO!H27 -> M3 | E14: 0.7 | F14: 0.5 | G14: 0.5 | H14: =+E14*F14*G14 -> 0.175 | I14: Demolición cimentación señal vertical, tramo 3
E15: 0.7 | F15: 0.5 | G15: 0.5 | H15: =+E15*F15*G15 -> 0.175 | I15: Demolición cimentación señal vertical, tramo 2
E16: 14 | F16: 2 | G16: 0.2 | H16: =+E16*F16*G16 -> 5.6 | I16: Demoliciones varias, rampas, placas entre otros
E17: 1 | F17: 0.35 | G17: 0.35 | H17: =+E17*F17*G17*13 -> 1.5925 | I17: 13 pedestales para demoler
H18: =+E18*F18*G18 -> 0
H19: =+E19*F19*G19 -> 0
B21: TOTAL ÍTEM | H21: =ROUND(SUM(H14:H20),1) -> 7.5
B23: DIAGRAMA
B42: FIRMAR | E42: FIRMA
B43: ING RESIDENTE | E43: SUPERVISIÓN TÉCNICA

Sheet CONCRETO VÍA
D2: MUNICIPIO DE MANIZALES | J2: Página 1 de 1
J4: MEMORIA CANTIDADES
B6: OBJETO: | C6: ADECUACIÓN DEL ESPACIO PÚBLICO MEDIANTE LA CONSTRUCCIÓN DE PEATONALES TIPO BULEVAR SOBRE LA AVENIDA CUMANDAY (CARRERA 35) EN EL SENTIDO DE ASCENSO AL BARRIO LA ENEA ENTRE LA AVENIDA PANAMERICANA Y LA CALLE 98, COSTADO IZQUIERDO MANIZALES – CALDAS" | H6: FECHA
H7: DÍA | I7: MES | J7: AÑO
B8: CONTRATISTA: | H8: 25 | I8: 7 | J8: =+SARDINEL!$J$8 -> 2023
B9: CONTRATO:
B12: # ÍTEM | C12: DESCRIPCIÓN ÍTEM | D12: UNIDAD | E12: DIMENSIÓN | H12: TOTAL M3 | I12: LOCALIZACIÓN
E13: LARGO | F13: ANCHO | G13: ALTO | I13: LUGAR
B14: =+PRESUPUESTO!D30 -> 003.117 | C14: =+PRESUPUESTO!G30 -> SUMINISTRO, TRANSPORTE E INSTALACION PAVIMENTO EN CONCRETO PREMEZCLADO MR 42 | D14: =+PRESUPUESTO!H30 -> M3 | E14: =230+20 -> 250 | F14: 0.8 | G14: 0.2 | H14: =+E14*F14*G14 -> 40 | I14: excavación en separador
E15: 4 | F15: 1 | G15: 0.2 | H15: =+E15*F15*G15 -> 0.8 | I15: Rampa 1 T1
E16: 3.4 | F16: 1 | G16: 0.2 | H16: =+E16*F16*G16 -> 0.68 | I16: Rampa 2 T1
E17: 4 | F17: 1 | G17: 0.2 | H17: =+E17*F17*G17 -> 0.8 | I17: Rampa 1 T2
E18: 4 | F18: 1 | G18: 0.2 | H18: =+E18*F18*G18 -> 0.8 | I18: Rampa 2 T2
E19: 3 | F19: 1 | G19: 0.2 | H19: =+E19*F19*G19 -> 0.6 | I19: Rampa 3 T2
E20: 5 | F20: 1 | G20: 0.2 | H20: =+E20*F20*G20 -> 1 | I20: Rampa 1 T3
B23: TOTAL ÍTEM | H23: =ROUND(SUM(H14:H22),1) -> 44.7
B25: DIAGRAMA
B44: FIRMAR | E44: FIRMA
B45: ING RESIDENTE | E45: SUPERVISIÓN TÉCNICA

Sheet SARDINEL
D2: MUNICIPIO DE MANIZALES | J2: Página 1 de 1
J4: MEMORIA CANTIDADES
B6: OBJETO: | C6: ADECUACIÓN DEL ESPACIO PÚBLICO MEDIANTE LA CONSTRUCCIÓN DE PEATONALES TIPO BULEVAR SOBRE LA AVENIDA CUMANDAY (CARRERA 35) EN EL SENTIDO DE ASCENSO AL BARRIO LA ENEA ENTRE LA AVENIDA PANAMERICANA Y LA CALLE 98, COSTADO IZQUIERDO MANIZALES – CALDAS" | H6: FECHA
H7: DÍA | I7: MES | J7: AÑO
B8: CONTRATISTA: | H8: 25 | I8: 7 | J8: =+SARDINEL!$J$8 -> 2023
B9: CONTRATO:
B12: # ÍTEM | C12: DESCRIPCIÓN ÍTEM | D12: UNIDAD | E12: DIMENSIÓN | H12: TOTAL ML | I12: LOCALIZACIÓN
E13: LARGO | F13: ANCHO | G13: ALTO | I13: LUGAR
B14: =+PRESUPUESTO!D31 -> 021.016 | C14: =+PRESUPUESTO!G31 -> SUMINISTRO, TRANSPORTE E INSTALACION SARDINEL ANCHO = 20 CM H = ENTRE 17 Y 24 CM EN CONCRETO 3000 PSI | D14: =+PRESUPUESTO!H31 -> ML | E14: =230+20 -> 250 | F14: 0.2 | G14: 0.2 | H14: =+E14 -> 250 | I14: bordillo separador
E15: 88 | F15: 0.2 | G15: 0.2 | H15: =+E15 -> 88 | I15: bordillo tramo 1 externo
E16: 88 | F16: 0.2 | G16: 0.2 | H16: =+E16 -> 88 | I16: bordillo tramo 1 interno
E17: 91 | F17: 0.2 | G17: 0.2 | H17: =+E17 -> 91 | I17: bordillo tramo 2 externo
E18: 91 | F18: 0.2 | G18: 0.2 | H18: =+E18 -> 91 | I18: bordillo tramo 2 interno
E19: =127+20 -> 147 | F19: 0.2 | G19: 0.2 | H19: =+E19 -> 147 | I19: bordillo tramo 3 externo
E20: =127+20 -> 147 | F20: 0.2 | G20: 0.2 | H20: =+E20 -> 147 | I20: bordillo tramo 3 interno
B34: TOTAL ÍTEM | H34: =ROUND(SUM(H14:H33),1) -> 902
B36: DIAGRAMA
B55: FIRMAR | E55: FIRMA
B56: ING RESIDENTE | E56: SUPERVISIÓN TÉCNICA

Sheet ACELERANTE
D2: MUNICIPIO DE MANIZALES | J2: Página 1 de 1
J4: MEMORIA CANTIDADES
B6: OBJETO: | C6: ADECUACIÓN DEL ESPACIO PÚBLICO MEDIANTE LA CONSTRUCCIÓN DE PEATONALES TIPO BULEVAR SOBRE LA AVENIDA CUMANDAY (CARRERA 35) EN EL SENTIDO DE ASCENSO AL BARRIO LA ENEA ENTRE LA AVENIDA PANAMERICANA Y LA CALLE 98, COSTADO IZQUIERDO MANIZALES – CALDAS" | H6: FECHA
H7: DÍA | I7: MES | J7: AÑO
B8: CONTRATISTA: | H8: 25 | I8: 7 | J8: =+SARDINEL!$J$8 -> 2023
B9: CONTRATO:
B12: # ÍTEM | C12: DESCRIPCIÓN ÍTEM | D12: UNIDAD | E12: DIMENSIÓN | H12: TOTAL M3 | I12: LOCALIZACIÓN
E13: LARGO | F13: ANCHO | G13: ALTO | I13: LUGAR
B14: =PRESUPUESTO!D32 -> 023.044 | C14: =PRESUPUESTO!G32 -> SUMINISTRO, TRANSPORTE E INSTALACIÓN DE ADITIVO PARA ACELERAR FRAGUADO A SIETE (7) DIAS (ACELERANTE) DE UN M3 DE CONCRETO PAVIMENTO MR 42 | D14: =PRESUPUESTO!H32 -> M3 | E14: =230+20 -> 250 | F14: 0.8 | G14: 0.2 | H14: =+E14*F14*G14 -> 40 | I14: excavación en separador
E15: 4 | F15: 1 | G15: 0.2 | H15: =+E15*F15*G15 -> 0.8
E16: 3.4 | F16: 1 | G16: 0.2 | H16: =+E16*F16*G16 -> 0.68
E17: 4 | F17: 1 | G17: 0.2 | H17: =+E17*F17*G17 -> 0.8
E18: 4 | F18: 1 | G18: 0.2 | H18: =+E18*F18*G18 -> 0.8
E19: 3 | F19: 1 | G19: 0.2 | H19: =+E19*F19*G19 -> 0.6
E20: 5 | F20: 1 | G20: 0.2 | H20: =+E20*F20*G20 -> 1
B23: TOTAL ÍTEM | H23: =ROUND(SUM(H14:H22),1) -> 44.7
B25: DIAGRAMA
B44: FIRMAR | E44: FIRMA
B45: ING RESIDENTE | E45: SUPERVISIÓN TÉCNICA

Sheet SELLO
D2: MUNICIPIO DE MANIZALES | J2: Página 1 de 1
J4: MEMORIA CANTIDADES
B6: OBJETO: | C6: ADECUACIÓN DEL ESPACIO PÚBLICO MEDIANTE LA CONSTRUCCIÓN DE PEATONALES TIPO BULEVAR SOBRE LA AVENIDA CUMANDAY (CARRERA 35) EN EL SENTIDO DE ASCENSO AL BARRIO LA ENEA ENTRE LA AVENIDA PANAMERICANA Y LA CALLE 98, COSTADO IZQUIERDO MANIZALES – CALDAS" | H6: FECHA
H7: DÍA | I7: MES | J7: AÑO
B8: CONTRATISTA: | H8: 25 | I8: 7 | J8: =+SARDINEL!$J$8 -> 2023
B9: CONTRATO:
B12: # ÍTEM | C12: DESCRIPCIÓN ÍTEM | D12: UNIDAD | E12: DIMENSIÓN | H12: TOTAL ML | I12: LOCALIZACIÓN
E13: LONGITUD | F13: # DE JUNTAS | G13: LONGITUD TOTAL JUNTAS | I13: LUGAR
B14: =PRESUPUESTO!D33 -> 023.036 | C14: =PRESUPUESTO!G33 -> SUMINISTRO, TRANSPORTE E INSTALACIÓN SELLO DE JUNTA DE PAVIMENTO RIGIDO 5MM | D14: =+PRESUPUESTO!H34 -> ML | E14: =230+20 -> 250 | F14: 1 | G14: =E14*F14 -> 250 | H14: =+G14 -> 250 | I14: Vía costado separador longitudinal
E15: 0.8 | F15: 80 | G15: =E15*F15 -> 64 | H15: =+G15 -> 64 | I15: Vía costado separador perpendicular
E16: 88 | F16: 1 | G16: =E16*F16 -> 88 | H16: =+G16 -> 88 | I16: bordillo tramo 1 externo
E17: 88 | F17: 2 | G17: =E17*F17 -> 176 | H17: =+G17 -> 176 | I17: bordillo tramo 1 interno
E18: 91 | F18: 1 | G18: =E18*F18 -> 91 | H18: =+G18 -> 91 | I18: bordillo tramo 2 externo
E19: 91 | F19: 2 | G19: =E19*F19 -> 182 | H19: =+G19 -> 182 | I19: bordillo tramo 2 interno
E20: =127+20 -> 147 | F20: 1 | G20: =E20*F20 -> 147 | H20: =+G20 -> 147 | I20: bordillo tramo 3 externo
E21: =127+20 -> 147 | F21: 2 | G21: =E21*F21 -> 294 | H21: =+G21 -> 294 | I21: bordillo tramo 3 interno
B23: TOTAL ÍTEM | H23: =ROUND(SUM(H14:H22),1) -> 1292
B25: DIAGRAMA
B44: FIRMAR | E44: FIRMA
B45: ING RESIDENTE | E45: SUPERVISIÓN TÉCNICA

Sheet CORTE 
D2: MUNICIPIO DE MANIZALES | J2: Página 1 de 1
J4: MEMORIA CANTIDADES
B6: OBJETO: | C6: ADECUACIÓN DEL ESPACIO PÚBLICO MEDIANTE LA CONSTRUCCIÓN DE PEATONALES TIPO BULEVAR SOBRE LA AVENIDA CUMANDAY (CARRERA 35) EN EL SENTIDO DE ASCENSO AL BARRIO LA ENEA ENTRE LA AVENIDA PANAMERICANA Y LA CALLE 98, COSTADO IZQUIERDO MANIZALES – CALDAS" | H6: FECHA
H7: DÍA | I7: MES | J7: AÑO
B8: CONTRATISTA: | H8: =+SARDINEL!$H$8 -> 25 | I8: =+SARDINEL!$I$8 -> 7 | J8: =+SARDINEL!$J$8 -> 2023
B9: CONTRATO:
B12: # ÍTEM | C12: DESCRIPCIÓN ÍTEM | D12: UNIDAD | E12: DIMENSIÓN | H12: TOTAL ML | I12: LOCALIZACIÓN
E13: LONGITUD | F13: # DE JUNTAS | G13: LONGITUD TOTAL JUNTAS | I13: LUGAR
B14: =+PRESUPUESTO!D34 -> 023.034 | C14: =+PRESUPUESTO!G34 -> CORTE MECANIZADO DE PAVIMENTO 5 mm | D14: =+PRESUPUESTO!H34 -> ML | E14: =230+20 -> 250 | F14: 1 | G14: =E14*F14 -> 250 | H14: =+G14 -> 250 | I14: Vía costado separador longitudinal
E15: 0.8 | F15: 77 | G15: =E15*F15 -> 61.6 | H15: =+G15 -> 61.6 | I15: Vía costado separador perpendicular
E16: =4+1+1 -> 6 | F16: 5 | G16: =E16*F16 -> 30 | H16: =+G16 -> 30 | I16: Rampas
B23: TOTAL ÍTEM | H23: =ROUND(SUM(H14:H22),1) -> 341.6
B25: DIAGRAMA
B44: FIRMAR | E44: FIRMA
B45: ING RESIDENTE | E45: SUPERVISIÓN TÉCNICA

Sheet CORTE ANDEN
D2: MUNICIPIO DE MANIZALES | J2: Página 1 de 1
J4: MEMORIA CANTIDADES
B6: OBJETO: | C6: ADECUACIÓN DEL ESPACIO PÚBLICO MEDIANTE LA CONSTRUCCIÓN DE PEATONALES TIPO BULEVAR SOBRE LA AVENIDA CUMANDAY (CARRERA 35) EN EL SENTIDO DE ASCENSO AL BARRIO LA ENEA ENTRE LA AVENIDA PANAMERICANA Y LA CALLE 98, COSTADO IZQUIERDO MANIZALES – CALDAS" | H6: FECHA
H7: DÍA | I7: MES | J7: AÑO
B8: CONTRATISTA: | H8: =+SARDINEL!$H$8 -> 25 | I8: =+SARDINEL!$I$8 -> 7 | J8: =+SARDINEL!$J$8 -> 2023
B9: CONTRATO:
B12: # ÍTEM | C12: DESCRIPCIÓN ÍTEM | D12: UNIDAD | E12: DIMENSIÓN | H12: TOTAL ML | I12: LOCALIZACIÓN
E13: LONGITUD | F13: # DE JUNTAS | G13: LONGITUD TOTAL JUNTAS | I13: LUGAR
E14: 88 | F14: 0.2 | G14: 0.2 | H14: =+E14 -> 88 | I14: bordillo tramo 1 interno
E15: 91 | F15: 0.2 | G15: 0.2 | H15: =+E15 -> 91 | I15: bordillo tramo 2 interno
E16: =127+20 -> 147 | F16: 0.2 | G16: 0.2 | H16: =+E16 -> 147 | I16: bordillo tramo 3 interno
B20: TOTAL ÍTEM | H20: =ROUND(SUM(H14:H19),1) -> 326
B22: DIAGRAMA
B41: FIRMAR | E41: FIRMA
B42: ING RESIDENTE | E42: SUPERVISIÓN TÉCNICA

Sheet CAJAS ELECTRICAS
D2: MUNICIPIO DE MANIZALES | J2: Página 1 de 1
J4: MEMORIA CANTIDADES
B6: OBJETO: | C6: ADECUACIÓN DEL ESPACIO PÚBLICO MEDIANTE LA CONSTRUCCIÓN DE PEATONALES TIPO BULEVAR SOBRE LA AVENIDA CUMANDAY (CARRERA 35) EN EL SENTIDO DE ASCENSO AL BARRIO LA ENEA ENTRE LA AVENIDA PANAMERICANA Y LA CALLE 98, COSTADO IZQUIERDO MANIZALES – CALDAS" | H6: FECHA
H7: DÍA | I7: MES | J7: AÑO
B8: CONTRATISTA: | H8: 25 | I8: 7 | J8: =+SARDINEL!$J$8 -> 2023
B9: CONTRATO:
B12: # ÍTEM | C12: DESCRIPCIÓN ÍTEM | D12: UNIDAD | E12: DIMENSIÓN | H12: TOTAL UND | I12: LOCALIZACIÓN
E13: UNIDAD | F13: ANCHO | G13: ALTO | I13: LUGAR
B14: =+PRESUPUESTO!D36 -> 032.113-1 | C14: =+PRESUPUESTO!G36 -> SUMINISTRO, TRANSPORTE E INSTALACION CAJA ELECTRICA (0,40X0,40X0,5 M) EN CONCRETO 3000 PSI, Incluye refuerzo, afirmado | D14: =+PRESUPUESTO!H36 -> UND | E14: 15 | F14: 0.4 | G14: 0.4 | H14: =E14 -> 15 | I14: excavación en separador
H15: =+E15*F15*G15 -> 0
H16: =+E16*F16*G16 -> 0
H17: =+E17*F17*G17 -> 0
H18: =+E18*F18*G18 -> 0
H19: =+E19*F19*G19 -> 0
H20: =+E20*F20*G20 -> 0
B23: TOTAL ÍTEM | H23: =ROUND(SUM(H14:H22),1) -> 15
B25: DIAGRAMA
B44: FIRMAR | E44: FIRMA
B45: ING RESIDENTE | E45: SUPERVISIÓN TÉCNICA

Sheet PEDESTALES
D2: MUNICIPIO DE MANIZALES | J2: Página 1 de 1
J4: MEMORIA CANTIDADES
B6: OBJETO: | C6: ADECUACIÓN DEL ESPACIO PÚBLICO MEDIANTE LA CONSTRUCCIÓN DE PEATONALES TIPO BULEVAR SOBRE LA AVENIDA CUMANDAY (CARRERA 35) EN EL SENTIDO DE ASCENSO AL BARRIO LA ENEA ENTRE LA AVENIDA PANAMERICANA Y LA CALLE 98, COSTADO IZQUIERDO MANIZALES – CALDAS" | H6: FECHA
H7: DÍA | I7: MES | J7: AÑO
B8: CONTRATISTA: | H8: 25 | I8: 7 | J8: =+SARDINEL!$J$8 -> 2023
B9: CONTRATO:
B12: # ÍTEM | C12: DESCRIPCIÓN ÍTEM | D12: UNIDAD | E12: DIMENSIÓN | H12: TOTAL M3 | I12: LOCALIZACIÓN
E13: UNIDAD | F13: ANCHO | G13: ALTO | I13: LUGAR
B14: =+PRESUPUESTO!D37 -> 002A.018 | C14: =+PRESUPUESTO!G37 -> SUMINISTRO, TRANSPORTE E INSTALACION PEDESTALES EN CONCRETO 3000 PSI | D14: =+PRESUPUESTO!H37 -> M3 | E14: 15 | F14: 0.35 | G14: 0.35 | H14: =E14*F14*G14*1 -> 1.8375 | I14: pedestales para postes metalicos
H15: =+E15*F15*G15 -> 0
H16: =+E16*F16*G16 -> 0
H17: =+E17*F17*G17 -> 0
H18: =+E18*F18*G18 -> 0
H19: =+E19*F19*G19 -> 0
H20: =+E20*F20*G20 -> 0
B23: TOTAL ÍTEM | H23: =ROUND(SUM(H14:H22),1) -> 1.8
B25: DIAGRAMA
B44: FIRMAR | E44: FIRMA
B45: ING RESIDENTE | E45: SUPERVISIÓN TÉCNICA

Sheet ACERO DE REFUERZO
D2: MUNICIPIO DE MANIZALES | J2: Página 1 de 1
J4: MEMORIA CANTIDADES
B6: OBJETO: | C6: ADECUACIÓN DEL ESPACIO PÚBLICO MEDIANTE LA CONSTRUCCIÓN DE PEATONALES TIPO BULEVAR SOBRE LA AVENIDA CUMANDAY (CARRERA 35) EN EL SENTIDO DE ASCENSO AL BARRIO LA ENEA ENTRE LA AVENIDA PANAMERICANA Y LA CALLE 98, COSTADO IZQUIERDO MANIZALES – CALDAS" | H6: FECHA
H7: DÍA | I7: MES | J7: AÑO
B8: CONTRATISTA: | H8: =+SARDINEL!$H$8 -> 25 | I8: =+SARDINEL!$I$8 -> 7 | J8: =+SARDINEL!$J$8 -> 2023
B9: CONTRATO:
B12: # ÍTEM | C12: DESCRIPCIÓN ÍTEM | D12: UNIDAD | E12: DIMENSIÓN | H12: TOTAL KG | I12: LOCALIZACIÓN
E13: LARGO | F13: CANTIDAD | G13: peso/m | I13: LUGAR
B14: =+PRESUPUESTO!D40 -> 5112 | C14: =+PRESUPUESTO!G40 -> SUMINISTRO, TRANSPORTE E INSTALACIÓN DE ACERO DE REFUERZO FY = 60.000 PSI = 420 MPA (INCLUYE NALAMBRE NEGRO Y FIGURACIÓN) ACTUALIZADO 13 JUL 2021 | D14: =+PRESUPUESTO!H40 -> KG | E14: 0.7 | F14: =103*14 -> 1442 | G14: 1 | H14: =+E14*F14*G14 -> 1009.4 | I14: REFUERZO TRANSVERSAL LOSAS
E15: 2.9 | F15: =103*3 -> 309 | G15: 1 | H15: =+E15*F15*G15 -> 896.1 | I15: REFUERZO LONGITUDINAL LOSAS
E16: 0.72 | F16: =ROUND((310/0.15)-1,0) -> 2066 | G16: 0.56 | H16: =+E16*F16*G16*0 -> 0 | I16: ANCLAJE SARDINEL SEPARADOR
E17: =370-60 -> 310 | F17: 2 | G17: 0.25 | H17: =+E17*F17*G17*0 -> 0 | I17: ANCLAJE SARDINEL SEPARADOR
E18: 0.72 | F18: =ROUND((208/0.15)-1,0) -> 1386 | G18: 0.56 | H18: =+E18*F18*G18*0 -> 0 | I18: ANCLAJE SARDINEL Tramo 3
E19: =127+20 -> 147 | F19: 2 | G19: 0.25 | H19: =+E19*F19*G19*0 -> 0 | I19: ANCLAJE SARDINEL Tramo 3
E20: 0.72 | F20: =ROUND((91/0.15)-1,0) -> 606 | G20: 0.56 | H20: =+E20*F20*G20*0 -> 0 | I20: ANCLAJE SARDINEL Tramo 2
E21: 91 | F21: 2 | G21: 0.25 | H21: =+E21*F21*G21*0 -> 0 | I21: ANCLAJE SARDINEL Tramo 2
E22: 0.72 | F22: =ROUND((90/0.15)-1,0) -> 599 | G22: 0.56 | H22: =+E22*F22*G22*0 -> 0 | I22: ANCLAJE SARDINEL Tramo 1
E23: 90 | F23: 2 | G23: 0.25 | H23: =+E23*F23*G23*0 -> 0 | I23: ANCLAJE SARDINEL Tramo |
E24: 0.9 | F24: =103*3 -> 309 | G24: 1 | H24: =+E24*F24*G24 -> 278.1 | I24: PASADORES LOSAS
E25: 4 | F25: =4*3 -> 12 | G25: 1 | H25: =+E25*F25*G25 -> 48 | I25: Rampa, REFUERZO LONGITUDINAL
E26: 1 | F26: =19*3 -> 57 | G26: 1 | H26: =+E26*F26*G26 -> 57 | I26: Rampa, REFUERZO TRANSVERSAL
E27: 3.4 | F27: 4 | G27: 1 | H27: =+E27*F27*G27 -> 13.6 | I27: Rampa, REFUERZO LONGITUDINAL
E28: 1 | F28: =16*2 -> 32 | G28: 1 | H28: =+E28*F28*G28 -> 32 | I28: Rampa, REFUERZO TRANSVERSAL
E29: 3 | F29: 4 | G29: 1 | H29: =+E29*F29*G29 -> 12 | I29: Rampa, REFUERZO LONGITUDINAL
E30: 1 | F30: 25 | G30: 1 | H30: =+E30*F30*G30 -> 25 | I30: Rampa, REFUERZO TRANSVERSAL
E31: 5 | F31: 4 | G31: 1 | H31: =+E31*F31*G31 -> 20 | I31: Rampa, REFUERZO LONGITUDINAL
E32: 1.12 | F32: =9*13 -> 117 | G32: 0.56 | H32: =+E32*F32*G32 -> 73.3824 | I32: Flejes N° 3 25x25 para pedestal
E33: 1.2 | F33: =13*4 -> 52 | G33: 1.552 | H33: =+E33*F33*G33 -> 96.8448 | I33: Barra N°5 para pedestal de 1m (4un x pedestal)
E34: 5 | F34: 4 | G34: 1 | H34: =+E34*F34*G34 -> 20 | I34: Rampa, REFUERZO LONGITUDINAL
B35: TOTAL ÍTEM | H35: =ROUND(SUM(H14:H34),1) -> 2581.4
B37: DIAGRAMA
B56: FIRMAR | E56: FIRMA
B57: ING RESIDENTE | E57: SUPERVISIÓN TÉCNICA

Sheet CANASTILLAS
D2: MUNICIPIO DE MANIZALES | J2: Página 1 de 1
J4: MEMORIA CANTIDADES
B6: OBJETO: | C6: ADECUACIÓN DEL ESPACIO PÚBLICO MEDIANTE LA CONSTRUCCIÓN DE PEATONALES TIPO BULEVAR SOBRE LA AVENIDA CUMANDAY (CARRERA 35) EN EL SENTIDO DE ASCENSO AL BARRIO LA ENEA ENTRE LA AVENIDA PANAMERICANA Y LA CALLE 98, COSTADO IZQUIERDO MANIZALES – CALDAS" | H6: FECHA
H7: DÍA | I7: MES | J7: AÑO
B8: CONTRATISTA: | H8: =+SARDINEL!$H$8 -> 25 | I8: =+SARDINEL!$I$8 -> 7 | J8: =+SARDINEL!$J$8 -> 2023
B9: CONTRATO:
B12: # ÍTEM | C12: DESCRIPCIÓN ÍTEM | D12: UNIDAD | E12: DIMENSIÓN | H12: LONGITUD TOTAL | I12: LOCALIZACIÓN
E13: LARGO JUNTA | F13: CANTIDAD | G13: LONGITUD | I13: LUGAR
B14: =PRESUPUESTO!D41 -> 023.045 | C14: =PRESUPUESTO!G41 -> CANASTILLA DE SOPORTE DE DOVELAS EN HIERRO 3/8" Y 1/4" | D14: =PRESUPUESTO!H41 -> ML | E14: 0.8 | F14: 103 | G14: =E14*F14 -> 82.4 | H14: =G14 -> 82.4 | I14: PAVIMENTO NUEVO (SEPARADOR)
H15: =G15 -> 0
H16: =G16 -> 0
H17: =G17 -> 0
B18: TOTAL ÍTEM | H18: =ROUND(SUM(H14:H17),1) -> 82.4
B20: DIAGRAMA
B39: FIRMAR | E39: FIRMA
B40: ING RESIDENTE | E40: SUPERVISIÓN TÉCNICA

Sheet DOVELAS
D2: MUNICIPIO DE MANIZALES | J2: Página 1 de 1
J4: MEMORIA CANTIDADES
B6: OBJETO: | C6: ADECUACIÓN DEL ESPACIO PÚBLICO MEDIANTE LA CONSTRUCCIÓN DE PEATONALES TIPO BULEVAR SOBRE LA AVENIDA CUMANDAY (CARRERA 35) EN EL SENTIDO DE ASCENSO AL BARRIO LA ENEA ENTRE LA AVENIDA PANAMERICANA Y LA CALLE 98, COSTADO IZQUIERDO MANIZALES – CALDAS" | H6: FECHA
H7: DÍA | I7: MES | J7: AÑO
B8: CONTRATISTA: | H8: =+SARDINEL!$H$8 -> 25 | I8: =+SARDINEL!$I$8 -> 7 | J8: =+SARDINEL!$J$8 -> 2023
B9: CONTRATO:
B12: # ÍTEM | C12: DESCRIPCIÓN ÍTEM | D12: UNIDAD | E12: DIMENSIÓN | H12: TOTAL KG | I12: LOCALIZACIÓN
E13: LARGO | F13: CANTIDAD | G13: peso/m varilla 1" | I13: LUGAR
B14: =+PRESUPUESTO!D42 -> 023.046 | C14: =+PRESUPUESTO!G42 -> DOVELAS DE ACERO LISO 60000 PSI PARA PAVIMENTOS | D14: =+PRESUPUESTO!H42 -> KG | E14: 0.35 | F14: =103*2 -> 206 | G14: 3.973 | H14: =+E14*F14*G14 -> 286.4533 | I14: PAVIMENTO NUEVO (SEPARADOR)
H15: =+E15*F15*G15 -> 0
H16: =+E16*F16*G16 -> 0
H17: =+E17*F17*G17 -> 0
H18: =+E18*F18*G18 -> 0
H19: =+E19*F19*G19 -> 0
H20: =+E20*F20*G20 -> 0
B21: TOTAL ÍTEM | H21: =ROUND(SUM(H14:H20),1) -> 286.5
B23: DIAGRAMA
B42: FIRMAR | E42: FIRMA
B43: ING RESIDENTE | E43: SUPERVISIÓN TÉCNICA

Sheet  PERFORACIÓN 
D2: MUNICIPIO DE MANIZALES | J2: Página 1 de 1
J4: MEMORIA CANTIDADES
B6: OBJETO: | C6: ADECUACIÓN DEL ESPACIO PÚBLICO MEDIANTE LA CONSTRUCCIÓN DE PEATONALES TIPO BULEVAR SOBRE LA AVENIDA CUMANDAY (CARRERA 35) EN EL SENTIDO DE ASCENSO AL BARRIO LA ENEA ENTRE LA AVENIDA PANAMERICANA Y LA CALLE 98, COSTADO IZQUIERDO MANIZALES – CALDAS" | H6: FECHA
H7: DÍA | I7: MES | J7: AÑO
B8: CONTRATISTA: | H8: =+SARDINEL!$H$8 -> 25 | I8: =+SARDINEL!$I$8 -> 7 | J8: =+SARDINEL!$J$8 -> 2023
B9: CONTRATO:
B12: # ÍTEM | C12: DESCRIPCIÓN ÍTEM | D12: UNIDAD | E12: DIMENSIÓN | H12: CANTIDAD TOTAL | I12: LOCALIZACIÓN
E13: LARGO | F13: CANTIDAD | G13: FILAS | I13: LUGAR
B14: =PRESUPUESTO!D43 -> 032.014 | C14: =PRESUPUESTO!G43 -> SUMINISTRO, TRANSPORTE E INSTALACION PERFORACION PARA ANCLAJE SARDINEL 3/8" L=20 cm, incluye hierro | D14: =PRESUPUESTO!H43 -> UND | E14: 0.15 | F14: =ROUND((310/0.15)-1,0) -> 2066 | G14: 2 | H14: =F14*G14 -> 4132 | I14: ANCLAJE SARDINEL SEPARADOR
E15: 0.15 | F15: =ROUND((88/0.15)-1,0) -> 586 | G15: 2 | H15: =F15*G15 -> 1172 | I15: ANCLAJE SARDINEL Tramo 1
E16: 0.15 | F16: =ROUND((91/0.15)-1,0) -> 606 | G16: 2 | H16: =F16*G16 -> 1212 | I16: ANCLAJE SARDINEL Tramo 2
E17: 0.15 | F17: =ROUND((147/0.15)-1,0) -> 979 | G17: 2 | H17: =F17*G17 -> 1958 | I17: ANCLAJE SARDINEL Tramo 3
H18: =F18*G18 -> 0
H19: =F19*G19 -> 0
H20: =+E20*F20 -> 0
H21: =+E21*F21 -> 0
B22: TOTAL ÍTEM | H22: =ROUND(SUM(H14:H21),1) -> 8474
B24: DIAGRAMA
B43: FIRMAR | E43: FIRMA
B44: ING RESIDENTE | E44: SUPERVISIÓN TÉCNICA

Sheet ADOQUÍN R
D2: MUNICIPIO DE MANIZALES | J2: Página 1 de 1
J4: MEMORIA CANTIDADES
B6: OBJETO: | C6: ADECUACIÓN DEL ESPACIO PÚBLICO MEDIANTE LA CONSTRUCCIÓN DE PEATONALES TIPO BULEVAR SOBRE LA AVENIDA CUMANDAY (CARRERA 35) EN EL SENTIDO DE ASCENSO AL BARRIO LA ENEA ENTRE LA AVENIDA PANAMERICANA Y LA CALLE 98, COSTADO IZQUIERDO MANIZALES – CALDAS" | H6: FECHA
H7: DÍA | I7: MES | J7: AÑO
B8: CONTRATISTA: | H8: =+SARDINEL!$H$8 -> 25 | I8: =+SARDINEL!$I$8 -> 7 | J8: =+SARDINEL!$J$8 -> 2023
B9: CONTRATO:
B12: # ÍTEM | C12: DESCRIPCIÓN ÍTEM | D12: UNIDAD | E12: DIMENSIÓN | H12: AREA TOTAL | I12: LOCALIZACIÓN
E13: LARGO | F13: ANCHO | G13: FILAS | I13: LUGAR
B14: =PRESUPUESTO!D46 -> 032.348-1 | C14: =PRESUPUESTO!G46 -> SUMINISTRO, TRANSPORTE E INSTALACION BLOQUE BASE EN CEMENTO PLAQUETA ABUJARDADA ROJO 20 X 40 X 6CM, INCLUYE MORTERO DE NIVELACIÓN | D14: =PRESUPUESTO!H46 -> M2 | E14: 88 | F14: 0.2 | G14: 2 | H14: =E14*F14*G14 -> 35.2 | I14: BULEVAR TRAMO 1
E15: 91 | F15: 0.2 | G15: 2 | H15: =E15*F15*G15 -> 36.4 | I15: BULEVAR TRAMO 2
E16: =127+20+4.7 -> 151.7 | F16: 0.2 | G16: 2 | H16: =E16*F16*G16 -> 60.68 | I16: BULEVAR TRAMO 3
H17: =E17*F17 -> 0
H18: =F18*G18 -> 0
H19: =F19*G19 -> 0
H20: =+E20*F20 -> 0
H21: =+E21*F21 -> 0
B22: TOTAL ÍTEM | H22: =ROUND(SUM(H14:H21),1) -> 132.3
B24: DIAGRAMA
B43: FIRMAR | E43: FIRMA
B44: ING RESIDENTE | E44: SUPERVISIÓN TÉCNICA

Sheet ADOQUÍN O
D2: MUNICIPIO DE MANIZALES | J2: Página 1 de 1
J4: MEMORIA CANTIDADES
B6: OBJETO: | C6: ADECUACIÓN DEL ESPACIO PÚBLICO MEDIANTE LA CONSTRUCCIÓN DE PEATONALES TIPO BULEVAR SOBRE LA AVENIDA CUMANDAY (CARRERA 35) EN EL SENTIDO DE ASCENSO AL BARRIO LA ENEA ENTRE LA AVENIDA PANAMERICANA Y LA CALLE 98, COSTADO IZQUIERDO MANIZALES – CALDAS" | H6: FECHA
H7: DÍA | I7: MES | J7: AÑO
B8: CONTRATISTA: | H8: =+SARDINEL!$H$8 -> 25 | I8: =+SARDINEL!$I$8 -> 7 | J8: =+SARDINEL!$J$8 -> 2023
B9: CONTRATO:
B12: # ÍTEM | C12: DESCRIPCIÓN ÍTEM | D12: UNIDAD | E12: DIMENSIÓN | H12: AREA TOTAL | I12: LOCALIZACIÓN
E13: LARGO | F13: ANCHO | G13: FILAS | I13: LUGAR
B14: =PRESUPUESTO!D47 -> 032.348-2 | C14: =PRESUPUESTO!G47 -> SUMINISTRO, TRANSPORTE E INSTALACION BLOQUE BASE EN CEMENTO PLAQUETA ABUJARDADA OCRE 40 X 40 X 6CM, INCLUYE MORTERO DE NIVELACIÓN | D14: =PRESUPUESTO!H47 -> M2 | E14: 88 | F14: 0.4 | G14: 2 | H14: =E14*F14*G14 -> 70.4 | I14: BULEVAR TRAMO 1
E15: 91 | F15: 0.4 | G15: 2 | H15: =E15*F15*G15 -> 72.8 | I15: BULEVAR TRAMO 2
E16: =127+20+4.7 -> 151.7 | F16: 0.4 | G16: 2 | H16: =E16*F16*G16 -> 121.36 | I16: BULEVAR TRAMO 3
E17: SE DESCUENTA AREA PARA ARBOLES
E18: 0.8 | F18: 0.8 | G18: 4 | H18: =-(E18*F18*G18) -> -2.56 | I18: BULEVAR TRAMO 1
E19: 0.8 | F19: 0.8 | G19: 5 | H19: =-(E19*F19*G19) -> -3.2 | I19: BULEVAR TRAMO 2
E20: 0.8 | F20: 0.8 | G20: 6 | H20: =-(E20*F20*G20) -> -3.84 | I20: BULEVAR TRAMO 3
H21: =+E21*F21 -> 0
B22: TOTAL ÍTEM | H22: =ROUND(SUM(H14:H21),1) -> 255
B24: DIAGRAMA
B43: FIRMAR | E43: FIRMA
B44: ING RESIDENTE | E44: SUPERVISIÓN TÉCNICA

Sheet ADOQUÍN T
D2: MUNICIPIO DE MANIZALES | J2: Página 1 de 1
J4: MEMORIA CANTIDADES
B6: OBJETO: | C6: ADECUACIÓN DEL ESPACIO PÚBLICO MEDIANTE LA CONSTRUCCIÓN DE PEATONALES TIPO BULEVAR SOBRE LA AVENIDA CUMANDAY (CARRERA 35) EN EL SENTIDO DE ASCENSO AL BARRIO LA ENEA ENTRE LA AVENIDA PANAMERICANA Y LA CALLE 98, COSTADO IZQUIERDO MANIZALES – CALDAS" | H6: FECHA
H7: DÍA | I7: MES | J7: AÑO
B8: CONTRATISTA: | H8: =+SARDINEL!$H$8 -> 25 | I8: =+SARDINEL!$I$8 -> 7 | J8: =+SARDINEL!$J$8 -> 2023
B9: CONTRATO:
B12: # ÍTEM | C12: DESCRIPCIÓN ÍTEM | D12: UNIDAD | E12: DIMENSIÓN | H12: AREA TOTAL | I12: LOCALIZACIÓN
E13: LARGO | F13: ANCHO | G13: FILAS | I13: LUGAR
B14: =PRESUPUESTO!D47 -> 032.348-2 | C14: =PRESUPUESTO!G47 -> SUMINISTRO, TRANSPORTE E INSTALACION BLOQUE BASE EN CEMENTO PLAQUETA ABUJARDADA OCRE 40 X 40 X 6CM, INCLUYE MORTERO DE NIVELACIÓN | D14: =PRESUPUESTO!H47 -> M2 | E14: 88 | F14: 0.4 | G14: 1 | H14: =E14*F14*G14 -> 35.2 | I14: BULEVAR TRAMO 1
E15: 91 | F15: 0.4 | G15: 1 | H15: =E15*F15*G15 -> 36.4 | I15: BULEVAR TRAMO 2
E16: =127+20+4.7 -> 151.7 | F16: 0.4 | G16: 1 | H16: =E16*F16*G16 -> 60.68 | I16: BULEVAR TRAMO 3
H17: =E17*F17 -> 0
H18: =F18*G18 -> 0
H19: =F19*G19 -> 0
H20: =+E20*F20 -> 0
H21: =+E21*F21 -> 0
B22: TOTAL ÍTEM | H22: =ROUND(SUM(H14:H21),1) -> 132.3
B24: DIAGRAMA
B43: FIRMAR | E43: FIRMA
B44: ING RESIDENTE | E44: SUPERVISIÓN TÉCNICA

Sheet PROTECTOR A
D2: MUNICIPIO DE MANIZALES | J2: Página 1 de 1
J4: MEMORIA CANTIDADES
B6: OBJETO: | C6: ADECUACIÓN DEL ESPACIO PÚBLICO MEDIANTE LA CONSTRUCCIÓN DE PEATONALES TIPO BULEVAR SOBRE LA AVENIDA CUMANDAY (CARRERA 35) EN EL SENTIDO DE ASCENSO AL BARRIO LA ENEA ENTRE LA AVENIDA PANAMERICANA Y LA CALLE 98, COSTADO IZQUIERDO MANIZALES – CALDAS" | H6: FECHA
H7: DÍA | I7: MES | J7: AÑO
B8: CONTRATISTA: | H8: =+SARDINEL!$H$8 -> 25 | I8: =+SARDINEL!$I$8 -> 7 | J8: =+SARDINEL!$J$8 -> 2023
B9: CONTRATO:
B12: # ÍTEM | C12: DESCRIPCIÓN ÍTEM | D12: UNIDAD | E12: DIMENSIÓN | H12: CANTIDAD TOTAL | I12: LOCALIZACIÓN
E13: UNIDAD | F13: CANTIDAD DE ARBOLES | G13: FILAS | I13: LUGAR
B14: =PRESUPUESTO!D49 -> 032.348-4 | C14: =PRESUPUESTO!G49 -> SUMINISTRO, TRANSPORTE E INSTALACION PROTECTOR ARBOL ABUJARDADA GRIS 40 X 40 X 6 CM JUEGO DE 4 PIEZAS COMPLETO GRIS, INCLUYE MORTERO DE NIVELACIÓN | D14: =PRESUPUESTO!H49 -> UND | E14: 1 | F14: 4 | G14: 1 | H14: =E14*F14*G14 -> 4 | I14: BULEVAR TRAMO 1
E15: 1 | F15: 5 | G15: 1 | H15: =E15*F15*G15 -> 5 | I15: BULEVAR TRAMO 2
E16: 1 | F16: 6 | G16: 1 | H16: =E16*F16*G16 -> 6 | I16: BULEVAR TRAMO 3
H17: =E17*F17*G17 -> 0
H18: =F18*G18 -> 0
H19: =F19*G19 -> 0
H20: =+E20*F20 -> 0
H21: =+E21*F21 -> 0
B22: TOTAL ÍTEM | H22: =ROUND(SUM(H14:H21),1) -> 15
B24: DIAGRAMA
B43: FIRMAR | E43: FIRMA
B44: ING RESIDENTE | E44: SUPERVISIÓN TÉCNICA

Sheet CONCRETO ANDEN 
D2: MUNICIPIO DE MANIZALES | J2: Página 1 de 1
J4: MEMORIA CANTIDADES
B6: OBJETO: | C6: ADECUACIÓN DEL ESPACIO PÚBLICO MEDIANTE LA CONSTRUCCIÓN DE PEATONALES TIPO BULEVAR SOBRE LA AVENIDA CUMANDAY (CARRERA 35) EN EL SENTIDO DE ASCENSO AL BARRIO LA ENEA ENTRE LA AVENIDA PANAMERICANA Y LA CALLE 98, COSTADO IZQUIERDO MANIZALES – CALDAS" | H6: FECHA
H7: DÍA | I7: MES | J7: AÑO
B8: CONTRATISTA: | H8: =+SARDINEL!$H$8 -> 25 | I8: =+SARDINEL!$I$8 -> 7 | J8: =+SARDINEL!$J$8 -> 2023
B9: CONTRATO:
B12: # ÍTEM | C12: DESCRIPCIÓN ÍTEM | D12: UNIDAD | E12: DIMENSIÓN | H12: TOTAL M3 | I12: LOCALIZACIÓN
E13: LARGO | F13: ANCHO | G13: ALTO | I13: LUGAR
E14: 88 | F14: 0.2 | G14: 0.1 | H14: =+E14*F14*G14 -> 1.76 | I14: Tramo 1 Anden, anchos adicionales
E15: 91 | F15: 0.5 | G15: 0.1 | H15: =+E15*F15*G15 -> 4.55 | I15: Tramo 2 Anden, anchos adicionales
E16: =127+20 -> 147 | F16: 0.5 | G16: 0.1 | H16: =+E16*F16*G16 -> 7.35 | I16: Tramo 3 Anden, anchos adicionales
E17: 12 | F17: 1 | G17: 0.1 | H17: =+E17*F17*G17 -> 1.2 | I17: Vados esquina superior T1
E18: 7 | F18: 1 | G18: 0.1 | H18: =+E18*F18*G18 -> 0.7 | I18: Vados esquina inferior T1
E19: 7 | F19: 1 | G19: 0.1 | H19: =+E19*F19*G19 -> 0.7 | I19: Vados esquina superior T2
E20: 7 | F20: 1 | G20: 0.1 | H20: =+E20*F20*G20 -> 0.7 | I20: Vados esquina inferior T2
E21: 11 | F21: 1 | G21: 0.1 | H21: =+E21*F21*G21 -> 1.1 | I21: Vados esquina superior T3
E22: 10 | F22: 1 | G22: 0.1 | H22: =+E22*F22*G22 -> 1 | I22: Vados esquina inferior T3
E23: 4.2 | F23: 0.8 | G23: 0.1 | H23: =+E23*F23*G23 -> 0.336 | I23: Rampa 1 en separador, pendiente en una dirección
E24: 4.2 | F24: 0.8 | G24: 0.1 | H24: =+E24*F24*G24 -> 0.336 | I24: Rampa 1 en separador, pendiente en una dirección
E25: 76 | F25: 0.1 | G25: 0.15 | H25: =+E25*F25*G25 -> 1.14 | I25: Bordillos de confinamiento
E26: 1 | F26: 0.5 | G26: 0.5 | H26: =+E26*F26*G26*13 -> 3.25 | I26: Pedestles mastil , son 13
H28: =+E28*F28 -> 0
B29: TOTAL ÍTEM | H29: =ROUND(SUM(H14:H28),1) -> 24.1
B31: DIAGRAMA
B50: FIRMAR | E50: FIRMA
B51: ING RESIDENTE | E51: SUPERVISIÓN TÉCNICA

Sheet AFIRMADO COMPACTADO
D2: MUNICIPIO DE MANIZALES | J2: Página 1 de 1
J4: MEMORIA CANTIDADES
B6: OBJETO: | C6: ADECUACIÓN DEL ESPACIO PÚBLICO MEDIANTE LA CONSTRUCCIÓN DE PEATONALES TIPO BULEVAR SOBRE LA AVENIDA CUMANDAY (CARRERA 35) EN EL SENTIDO DE ASCENSO AL BARRIO LA ENEA ENTRE LA AVENIDA PANAMERICANA Y LA CALLE 98, COSTADO IZQUIERDO MANIZALES – CALDAS" | H6: FECHA
H7: DÍA | I7: MES | J7: AÑO
B8: CONTRATISTA: | H8: =+SARDINEL!$H$8 -> 25 | I8: =+SARDINEL!$I$8 -> 7 | J8: =+SARDINEL!$J$8 -> 2023
B9: CONTRATO:
B12: # ÍTEM | C12: DESCRIPCIÓN ÍTEM | D12: UNIDAD | E12: DIMENSIÓN | H12: TOTAL M3 | I12: LOCALIZACIÓN
E13: LARGO | F13: ANCHO | G13: ALTO | I13: TRAMO
B14: =+PRESUPUESTO!D53 -> 023.008-1 | C14: =+PRESUPUESTO!G53 -> SUMINISTRO, TRANSPORTE E INSTALACION AFIRMADO COMPACTADO PARA ANDENES | D14: =+PRESUPUESTO!H53 -> M3 | E14: 88 | F14: 0.2 | G14: 0.4 | H14: =+E14*F14*G14 -> 7.04 | I14: Tramo 1 Anden, anchos adicionales
E15: 91 | F15: 0.5 | G15: 0.4 | H15: =+E15*F15*G15 -> 18.2 | I15: Tramo 2 Anden, anchos adicionales
E16: =127+20 -> 147 | F16: 0.5 | G16: 0.4 | H16: =+E16*F16*G16 -> 29.4 | I16: Tramo 3 Anden, anchos adicionales
E17: 12 | F17: 1 | G17: 0.1 | H17: =+E17*F17*G17 -> 1.2 | I17: Vados esquina superior T1
E18: 7 | F18: 1 | G18: 0.1 | H18: =+E18*F18*G18 -> 0.7 | I18: Vados esquina inferior T1
E19: 7 | F19: 1 | G19: 0.1 | H19: =+E19*F19*G19 -> 0.7 | I19: Vados esquina superior T2
E20: 7 | F20: 1 | G20: 0.1 | H20: =+E20*F20*G20 -> 0.7 | I20: Vados esquina inferior T2
E21: 11 | F21: 1 | G21: 0.1 | H21: =+E21*F21*G21 -> 1.1 | I21: Vados esquina superior T3
E22: 10 | F22: 1 | G22: 0.1 | H22: =+E22*F22*G22 -> 1 | I22: Vados esquina inferior T3
E23: 4.2 | F23: 0.8 | G23: 0.1 | H23: =+E23*F23*G23 -> 0.336 | I23: Rampa 1 en separador, pendiente en una dirección
E24: 4.2 | F24: 0.8 | G24: 0.1 | H24: =+E24*F24*G24 -> 0.336 | I24: Rampa 1 en separador, pendiente en una dirección
E25: =88+91+147 -> 326 | F25: 0.8 | G25: 0.13 | H25: =+E25*F25*G25 -> 33.904 | I25: Reposición afirmado en mal estado para base en adoquín y ampliación peatonal
B26: TOTAL ÍTEM | H26: =ROUND(SUM(H14:H25),1) -> 94.6
B28: DIAGRAMA
B47: FIRMAR | E47: FIRMA
B48: ING RESIDENTE | E48: SUPERVISIÓN TÉCNICA

Sheet SUB BASE GRANULAR
D2: MUNICIPIO DE MANIZALES | J2: Página 1 de 1
J4: MEMORIA CANTIDADES
B6: OBJETO: | C6: ADECUACIÓN DEL ESPACIO PÚBLICO MEDIANTE LA CONSTRUCCIÓN DE PEATONALES TIPO BULEVAR SOBRE LA AVENIDA CUMANDAY (CARRERA 35) EN EL SENTIDO DE ASCENSO AL BARRIO LA ENEA ENTRE LA AVENIDA PANAMERICANA Y LA CALLE 98, COSTADO IZQUIERDO MANIZALES – CALDAS" | H6: FECHA
H7: DÍA | I7: MES | J7: AÑO
B8: CONTRATISTA: | H8: =+SARDINEL!$H$8 -> 25 | I8: =+SARDINEL!$I$8 -> 7 | J8: =+SARDINEL!$J$8 -> 2023
B9: CONTRATO:
B12: # ÍTEM | C12: DESCRIPCIÓN ÍTEM | D12: UNIDAD | E12: DIMENSIÓN | H12: TOTAL M3 | I12: LOCALIZACIÓN
E13: LARGO | F13: ANCHO | G13: ALTO | I13: TRAMO
B14: =+PRESUPUESTO!D54 -> 004.005 | C14: =+PRESUPUESTO!G54 -> SUMINISTRO, TRANSPORTE E INSTALACION SUB BASE GRANULAR MATERIAL SELECCIONADO. SUMINISTRO, TRANSPORTE, COLOCACIÓN Y COMPACTACIÓN SEGUN NORMA INVIAS Y ESTUDIOS DE SUELOS. | D14: =+PRESUPUESTO!H54 -> M3 | E14: =230+20 -> 250 | F14: 0.8 | G14: 0.2 | H14: =+E14*F14*G14 -> 40 | I14: Vía separdor
B22: TOTAL ÍTEM | H22: =ROUND(SUM(H14:H21),1) -> 40
B24: DIAGRAMA
B37: FIRMAR | E37: FIRMA
B38: ING RESIDENTE | E38: SUPERVISIÓN TÉCNICA

Sheet BASUREROS
D2: MUNICIPIO DE MANIZALES | J2: Página 1 de 1
J4: MEMORIA CANTIDADES
B6: OBJETO: | C6: ADECUACIÓN DEL ESPACIO PÚBLICO MEDIANTE LA CONSTRUCCIÓN DE PEATONALES TIPO BULEVAR SOBRE LA AVENIDA CUMANDAY (CARRERA 35) EN EL SENTIDO DE ASCENSO AL BARRIO LA ENEA ENTRE LA AVENIDA PANAMERICANA Y LA CALLE 98, COSTADO IZQUIERDO MANIZALES – CALDAS" | H6: FECHA
H7: DÍA | I7: MES | J7: AÑO
B8: CONTRATISTA: | H8: =+SARDINEL!$H$8 -> 25 | I8: =+SARDINEL!$I$8 -> 7 | J8: =+SARDINEL!$J$8 -> 2023
B9: CONTRATO:
B12: # ÍTEM | C12: DESCRIPCIÓN ÍTEM | D12: UNIDAD | E12: DIMENSIÓN | H12: CANTIDAD TOTAL | I12: LOCALIZACIÓN
E13: LARGO | F13: CANTIDAD | G13: FILAS | I13: TRAMO
B14: =PRESUPUESTO!D57 -> 032.322 | C14: =PRESUPUESTO!G57 -> SUMINISTRO E INSTALACIÓN DE BASURERA PIVOTANTE EN ACERO INOXIDABLE TIPO EXTERIOR. INSTALACIÓN A TODO COSTO. | D14: =PRESUPUESTO!H57 -> UND | E14: 88 | F14: =ROUND((E14/40),0) -> 2 | G14: 1 | H14: =F14*G14 -> 2 | I14: BULEVAR TRAMO 1
E15: 91 | F15: =ROUND((E15/40),0) -> 2 | G15: 1 | H15: =F15*G15 -> 2 | I15: BULEVAR TRAMO 2
E16: =127+80 -> 207 | F16: =ROUND((E16/40),0) -> 5 | G16: 1 | H16: =F16*G16 -> 5 | I16: BULEVAR TRAMO 3
B22: TOTAL ÍTEM | H22: =ROUND(SUM(H14:H21),1) -> 9
B24: DIAGRAMA
B37: FIRMAR | E37: FIRMA
B38: ING RESIDENTE | E38: SUPERVISIÓN TÉCNICA

Sheet ARBOLES
D2: MUNICIPIO DE MANIZALES | J2: Página 1 de 1
J4: MEMORIA CANTIDADES
B6: OBJETO: | C6: ADECUACIÓN DEL ESPACIO PÚBLICO MEDIANTE LA CONSTRUCCIÓN DE PEATONALES TIPO BULEVAR SOBRE LA AVENIDA CUMANDAY (CARRERA 35) EN EL SENTIDO DE ASCENSO AL BARRIO LA ENEA ENTRE LA AVENIDA PANAMERICANA Y LA CALLE 98, COSTADO IZQUIERDO MANIZALES – CALDAS" | H6: FECHA
H7: DÍA | I7: MES | J7: AÑO
B8: CONTRATISTA: | H8: =+SARDINEL!$H$8 -> 25 | I8: =+SARDINEL!$I$8 -> 7 | J8: =+SARDINEL!$J$8 -> 2023
B9: CONTRATO:
B12: # ÍTEM | C12: DESCRIPCIÓN ÍTEM | D12: UNIDAD | E12: DIMENSIÓN | H12: CANTIDAD TOTAL | I12: LOCALIZACIÓN
E13: DISTANCIA ENTRE ARBOLES | F13: CANTIDAD | G13: FILAS | I13: TRAMO
B14: =PRESUPUESTO!D58 -> 021.025 | C14: =PRESUPUESTO!G58 -> SUMINISTRO, TRANSPORTE E INSTALACION ARBOL DE GRAN PORTE H=1,50M | D14: =PRESUPUESTO!H58 -> UND | E14: 16 | F14: 4 | G14: 1 | H14: =F14*G14 -> 4 | I14: BULEVAR TRAMO 1
E15: 16 | F15: 5 | G15: 1 | H15: =F15*G15 -> 5 | I15: BULEVAR TRAMO 2
E16: 16 | F16: 6 | G16: 1 | H16: =F16*G16 -> 6 | I16: BULEVAR TRAMO 3
B22: TOTAL ÍTEM | H22: =ROUND(SUM(H14:H21),1) -> 15
B24: DIAGRAMA
B37: FIRMAR | E37: FIRMA
B38: ING RESIDENTE | E38: SUPERVISIÓN TÉCNICA

Sheet CONTENEDOR A
D2: MUNICIPIO DE MANIZALES | J2: Página 1 de 1
J4: MEMORIA CANTIDADES
B6: OBJETO: | C6: ADECUACIÓN DEL ESPACIO PÚBLICO MEDIANTE LA CONSTRUCCIÓN DE PEATONALES TIPO BULEVAR SOBRE LA AVENIDA CUMANDAY (CARRERA 35) EN EL SENTIDO DE ASCENSO AL BARRIO LA ENEA ENTRE LA AVENIDA PANAMERICANA Y LA CALLE 98, COSTADO IZQUIERDO MANIZALES – CALDAS" | H6: FECHA
H7: DÍA | I7: MES | J7: AÑO
B8: CONTRATISTA: | H8: =+SARDINEL!$H$8 -> 25 | I8: =+SARDINEL!$I$8 -> 7 | J8: =+SARDINEL!$J$8 -> 2023
B9: CONTRATO:
B12: # ÍTEM | C12: DESCRIPCIÓN ÍTEM | D12: UNIDAD | E12: DIMENSIÓN | H12: CANTIDAD TOTAL | I12: LOCALIZACIÓN
E13: DISTANCIA ENTRE ARBOLES | F13: CANTIDAD | G13: FILAS | I13: TRAMO
B14: =PRESUPUESTO!D59 -> 032.324 | C14: =PRESUPUESTO!G59 -> SUMINISTRO, TRANSPORTE E INSTALACIÓN DE CONTENEDOR DE RAICES TIPO B20 (TIPO A) (1.2X1.2X1M. INC. SUMINISTRO, CONSTRUCCIÓN, ALCOQUE Y FILTRO EN GRAVILLA. NO INCLUYE. TIERRA). INSTALACIÓN A TODO COSTO. | D14: =PRESUPUESTO!H59 -> UND | E14: 16 | F14: 4 | G14: 1 | H14: =F14*G14 -> 4 | I14: BULEVAR TRAMO 1
E15: 16 | F15: 5 | G15: 1 | H15: =F15*G15 -> 5 | I15: BULEVAR TRAMO 2
E16: 16 | F16: 6 | G16: 1 | H16: =F16*G16 -> 6 | I16: BULEVAR TRAMO 3
B22: TOTAL ÍTEM | H22: =ROUND(SUM(H14:H21),1) -> 15
B24: DIAGRAMA
B37: FIRMAR | E37: FIRMA
B38: ING RESIDENTE | E38: SUPERVISIÓN TÉCNICA

Sheet REALCE C
D2: MUNICIPIO DE MANIZALES | J2: Página 1 de 1
J4: MEMORIA CANTIDADES
B6: OBJETO: | C6: ADECUACIÓN DEL ESPACIO PÚBLICO MEDIANTE LA CONSTRUCCIÓN DE PEATONALES TIPO BULEVAR SOBRE LA AVENIDA CUMANDAY (CARRERA 35) EN EL SENTIDO DE ASCENSO AL BARRIO LA ENEA ENTRE LA AVENIDA PANAMERICANA Y LA CALLE 98, COSTADO IZQUIERDO MANIZALES – CALDAS" | H6: FECHA
H7: DÍA | I7: MES | J7: AÑO
B8: CONTRATISTA: | H8: =+SARDINEL!$H$8 -> 25 | I8: =+SARDINEL!$I$8 -> 7 | J8: =+SARDINEL!$J$8 -> 2023
B9: CONTRATO:
B12: # ÍTEM | C12: DESCRIPCIÓN ÍTEM | D12: UNIDAD | E12: DIMENSIÓN | H12: CANTIDAD TOTAL | I12: LOCALIZACIÓN
E13: AREA X 1ML | F13: ESPESOR | G13: CANTIDAD | I13: LUGAR
B14: =PRESUPUESTO!D62 -> 24077 | C14: =PRESUPUESTO!G62 -> SUMINISTRO, TRANSPORTE E INSTALACION CÁMARA CIRCULAR DE INSPECCIÓN/CAÍDA D=1.20 M. EN CONCRETO CLASE II PARA REALCE | D14: =PRESUPUESTO!H62 -> M3 | E14: 0.68 | F14: 0.2 | G14: 2 | H14: =+E14*F14*G14 -> 0.272 | I14: TRAMO 1
E15: 0.68 | F15: 0.2 | G15: 3 | H15: =+E15*F15*G15 -> 0.408 | I15: TRAMO 2
E16: 0.68 | F16: 0.2 | G16: 3 | H16: =+E16*F16*G16 -> 0.408 | I16: TRAMO 3
H17: =+E17*F17*G17 -> 0
H18: =+E18 -> 0
H19: =+E19*F19*G19 -> 0
H20: =+E20*F20*G20 -> 0
B21: TOTAL ÍTEM | H21: =ROUND(SUM(H14:H20),1) -> 1.1
B23: DIAGRAMA
B42: FIRMAR | E42: FIRMA
B43: ING RESIDENTE | E43: SUPERVISIÓN TÉCNICA

Sheet MARCAS VIALES
D2: MUNICIPIO DE MANIZALES | J2: Página 1 de 1
J4: MEMORIA CANTIDADES
B6: OBJETO: | C6: ADECUACIÓN DEL ESPACIO PÚBLICO MEDIANTE LA CONSTRUCCIÓN DE PEATONALES TIPO BULEVAR SOBRE LA AVENIDA CUMANDAY (CARRERA 35) EN EL SENTIDO DE ASCENSO AL BARRIO LA ENEA ENTRE LA AVENIDA PANAMERICANA Y LA CALLE 98, COSTADO IZQUIERDO MANIZALES – CALDAS" | H6: FECHA
H7: DÍA | I7: MES | J7: AÑO
B8: CONTRATISTA: | H8: =+SARDINEL!$H$8 -> 25 | I8: =+SARDINEL!$I$8 -> 7 | J8: =+SARDINEL!$J$8 -> 2023
B9: CONTRATO:
B12: # ÍTEM | C12: DESCRIPCIÓN ÍTEM | D12: UNIDAD | E12: DIMENSIÓN | H12: AREA TOTAL | I12: LOCALIZACIÓN
E13: LARGO | F13: ANCHO | G13: CANTIDAD | I13: LUGAR
B14: =PRESUPUESTO!D74 -> 23048 | C14: =PRESUPUESTO!G74 -> SUMINISTRO, TRANSPORTE E INSTALACION DEMARCACION PASOS PEATONALES, LINEAS DE PARE, SIMBOLOS, TEXTOS Y OTRAS, CON PINTURA PLASTICO EN FRIO. | D14: =PRESUPUESTO!H74 -> M2 | E14: 3.15 | F14: 5.3 | G14: 3 | H14: =E14*F14*G14 -> 50.085 | I14: PASOS PEATONALES
E15: 0.8 | F15: 0.8 | G15: 6 | H15: =E15*F15*G15 -> 3.84 | I15: PROHIBIDO PARQUEAR
E16: 2 | F16: 1 | G16: 4 | H16: =E16*F16*G16 -> 8 | I16: PARE
E17: 10 | F17: 1 | G17: 1 | H17: =E17*F17*G17 -> 10 | I17: OTROS
H18: =E18*F18*G18 -> 0
H19: =E19*F19*G19 -> 0
H20: =+E20*F20*G20 -> 0
B21: TOTAL ÍTEM | H21: =ROUND(SUM(H14:H20),1) -> 71.9
B23: DIAGRAMA
B42: FIRMAR | E42: FIRMA
B43: ING RESIDENTE | E43: SUPERVISIÓN TÉCNICA

Sheet DEMARCACIÓN
D2: MUNICIPIO DE MANIZALES | J2: Página 1 de 1
J4: MEMORIA CANTIDADES
B6: OBJETO: | C6: ADECUACIÓN DEL ESPACIO PÚBLICO MEDIANTE LA CONSTRUCCIÓN DE PEATONALES TIPO BULEVAR SOBRE LA AVENIDA CUMANDAY (CARRERA 35) EN EL SENTIDO DE ASCENSO AL BARRIO LA ENEA ENTRE LA AVENIDA PANAMERICANA Y LA CALLE 98, COSTADO IZQUIERDO MANIZALES – CALDAS" | H6: FECHA
H7: DÍA | I7: MES | J7: AÑO
B8: CONTRATISTA: | H8: =+SARDINEL!$H$8 -> 25 | I8: =+SARDINEL!$I$8 -> 7 | J8: =+SARDINEL!$J$8 -> 2023
B9: CONTRATO:
B12: # ÍTEM | C12: DESCRIPCIÓN ÍTEM | D12: UNIDAD | E12: DIMENSIÓN | H12: AREA TOTAL | I12: LOCALIZACIÓN
E13: LARGO | F13: ANCHO | G13: CANTIDAD | I13: LUGAR
B14: =PRESUPUESTO!D75 -> 23051 | C14: =PRESUPUESTO!G75 -> SUMINISTRO, TRANSPORTE E INSTALACION DEMARCACION LINEAS CENTRALES, DE BORDE, DE CARRIL Y OTRAS (Ancho 12cms), CON PINTURA ACRILICA BASE SOLVENTE. | D14: =PRESUPUESTO!H75 -> ML | E14: 370 | F14: 0.08 | G14: 1 | H14: =E14*G14 -> 370 | I14: LINEA CENTRAL
E15: 370 | F15: 0.08 | G15: 1 | H15: =E15*G15 -> 370 | I15: LINEA DE BORDE IZQUIERDO
E16: 370 | F16: 0.08 | G16: 1 | H16: =E16*G16 -> 370 | I16: LINEA DE BORDE DERECHO
E17: 10 | F17: 0.08 | G17: 1 | H17: =E17*G17 -> 10 | I17: OTRAS DEMARCACIONES
H18: =E18*G18 -> 0
H19: =E19*G19 -> 0
H20: =+E20*F20*G20 -> 0
B21: TOTAL ÍTEM | H21: =ROUND(SUM(H14:H20),1) -> 1120
B23: DIAGRAMA
B42: FIRMAR | E42: FIRMA
B43: ING RESIDENTE | E43: SUPERVISIÓN TÉCNICA

Sheet FRESADO
D2: MUNICIPIO DE MANIZALES | J2: Página 1 de 1
J4: MEMORIA CANTIDADES
B6: OBJETO: | C6: ADECUACIÓN DEL ESPACIO PÚBLICO MEDIANTE LA CONSTRUCCIÓN DE PEATONALES TIPO BULEVAR SOBRE LA AVENIDA CUMANDAY (CARRERA 35) EN EL SENTIDO DE ASCENSO AL BARRIO LA ENEA ENTRE LA AVENIDA PANAMERICANA Y LA CALLE 98, COSTADO IZQUIERDO MANIZALES – CALDAS" | H6: FECHA
H7: DÍA | I7: MES | J7: AÑO
B8: CONTRATISTA: | H8: =+SARDINEL!$H$8 -> 25 | I8: =+SARDINEL!$I$8 -> 7 | J8: =+SARDINEL!$J$8 -> 2023
B9: CONTRATO:
B12: # ÍTEM | C12: DESCRIPCIÓN ÍTEM | D12: UNIDAD | E12: DIMENSIÓN | H12: AREA TOTAL | I12: LOCALIZACIÓN
E13: LARGO | F13: ANCHO | G13: CANTIDAD | I13: LUGAR
B14: =PRESUPUESTO!D76 -> 0 | C14: =PRESUPUESTO!G76 -> SUMINISTRO, TRANSPORTE E INSTALACIÓN FRESADO DE MARCAS VIALES | D14: =PRESUPUESTO!H76 -> ML | E14: 370 | F14: 0.08 | G14: 1 | H14: =E14*G14 -> 370 | I14: LINEA CENTRAL
E15: 370 | F15: 0.08 | G15: 1 | H15: =E15*G15 -> 370 | I15: LINEA DE BORDE IZQUIERDO
E16: 370 | F16: 0.08 | G16: 1 | H16: =E16*G16 -> 370 | I16: LINEA DE BORDE DERECHO
E17: 10 | F17: 0.08 | G17: 1 | H17: =E17*G17 -> 10 | I17: OTRAS DEMARCACIONES
H18: =E18*G18 -> 0
H19: =E19*G19 -> 0
H20: =+E20*F20*G20 -> 0
B21: TOTAL ÍTEM | H21: =ROUND(SUM(H14:H20),1) -> 1120
B23: DIAGRAMA
B42: FIRMAR | E42: FIRMA
B43: ING RESIDENTE | E43: SUPERVISIÓN TÉCNICA

Sheet SEÑAL VERTICAL 1
D2: MUNICIPIO DE MANIZALES | J2: Página 1 de 1
J4: MEMORIA CANTIDADES
B6: OBJETO: | C6: ADECUACIÓN DEL ESPACIO PÚBLICO MEDIANTE LA CONSTRUCCIÓN DE PEATONALES TIPO BULEVAR SOBRE LA AVENIDA CUMANDAY (CARRERA 35) EN EL SENTIDO DE ASCENSO AL BARRIO LA ENEA ENTRE LA AVENIDA PANAMERICANA Y LA CALLE 98, COSTADO IZQUIERDO MANIZALES – CALDAS" | H6: FECHA
H7: DÍA | I7: MES | J7: AÑO
B8: CONTRATISTA: | H8: =+SARDINEL!$H$8 -> 25 | I8: =+SARDINEL!$I$8 -> 7 | J8: =+SARDINEL!$J$8 -> 2023
B9: CONTRATO:
B12: # ÍTEM | C12: DESCRIPCIÓN ÍTEM | D12: UNIDAD | E12: DIMENSIÓN | H12: CANTIDAD TOTAL | I12: LOCALIZACIÓN
E13: CANTIDAD | F13: ANCHO | G13: AREA | I13: LUGAR
B14: =PRESUPUESTO!D79 -> 023.053-1 | C14: =PRESUPUESTO!G79 -> SUMINISTRO, TRANSPORTE E INSTALACION SEÑALES VERTICALES DOBLE GRADO DIAMANTE. SR/SP (60cms). PARA FIJAR EN POSTE EXISTENTE (Sección Circular). | D14: =PRESUPUESTO!H79 -> UN | E14: 1 | H14: =E14 -> 1 | I14: TRAMO 1
E15: 1 | H15: =E15 -> 1 | I15: TRAMO 2
E16: 1 | H16: =E16 -> 1 | I16: TRAMO 3
H17: =+E17*F17*G17 -> 0
H18: =+E18*F18*G18 -> 0
H19: =+E19*F19*G19 -> 0
H20: =+E20*F20*G20 -> 0
B21: TOTAL ÍTEM | H21: =ROUND(SUM(H14:H20),1) -> 3
B23: DIAGRAMA
B42: FIRMAR | E42: FIRMA
B43: ING RESIDENTE | E43: SUPERVISIÓN TÉCNICA

Sheet SEÑAL VERTICAL 2
D2: MUNICIPIO DE MANIZALES | J2: Página 1 de 1
J4: MEMORIA CANTIDADES
B6: OBJETO: | C6: ADECUACIÓN DEL ESPACIO PÚBLICO MEDIANTE LA CONSTRUCCIÓN DE PEATONALES TIPO BULEVAR SOBRE LA AVENIDA CUMANDAY (CARRERA 35) EN EL SENTIDO DE ASCENSO AL BARRIO LA ENEA ENTRE LA AVENIDA PANAMERICANA Y LA CALLE 98, COSTADO IZQUIERDO MANIZALES – CALDAS" | H6: FECHA
H7: DÍA | I7: MES | J7: AÑO
B8: CONTRATISTA: | H8: =+SARDINEL!$H$8 -> 25 | I8: =+SARDINEL!$I$8 -> 7 | J8: =+SARDINEL!$J$8 -> 2023
B9: CONTRATO:
B12: # ÍTEM | C12: DESCRIPCIÓN ÍTEM | D12: UNIDAD | E12: DIMENSIÓN | H12: CANTIDAD TOTAL | I12: LOCALIZACIÓN
E13: CANTIDAD | F13: ANCHO | G13: AREA | I13: LUGAR
B14: =PRESUPUESTO!D80 -> 023.056-1 | C14: =PRESUPUESTO!G80 -> SUMINISTRO, TRANSPORTE E INSTALACION SEÑALES VERTICALES DOBLE GRADO DIAMANTE. SR/SP (60cms). PEDESTAL RECTO (Sección Circular). | D14: =PRESUPUESTO!H80 -> UN | E14: 2 | H14: =E14 -> 2 | I14: TRAMO 1
E15: 1 | H15: =E15 -> 1 | I15: TRAMO 2
E16: 2 | H16: =E16 -> 2 | I16: TRAMO 3
H17: =+E17*F17*G17 -> 0
H18: =+E18*F18*G18 -> 0
H19: =+E19*F19*G19 -> 0
H20: =+E20*F20*G20 -> 0
B21: TOTAL ÍTEM | H21: =ROUND(SUM(H14:H20),1) -> 5
B23: DIAGRAMA
B42: FIRMAR | E42: FIRMA
B43: ING RESIDENTE | E43: SUPERVISIÓN TÉCNICA

Sheet SEÑAL VERTICAL 3
D2: MUNICIPIO DE MANIZALES | J2: Página 1 de 1
J4: MEMORIA CANTIDADES
B6: OBJETO: | C6: CONSTRUCCIÓN DE PAVIMENTO, BAHÍAS Y MEJORAMIENTO DEL ESPACIO PÚBLICO EN EL BARRIO CHACHAFRUTO, EN LA CIUDAD DE MANIZALES | H6: FECHA
H7: DÍA | I7: MES | J7: AÑO
B8: CONTRATISTA: | H8: =+SARDINEL!$H$8 -> 25 | I8: =+SARDINEL!$I$8 -> 7 | J8: =+SARDINEL!$J$8 -> 2023
B9: CONTRATO:
B12: # ÍTEM | C12: DESCRIPCIÓN ÍTEM | D12: UNIDAD | E12: DIMENSIÓN | H12: TOTAL KG | I12: LOCALIZACIÓN
E13: LARGO PROMEDIO | F13: ANCHO PROMEDIO | G13: AREA | I13: LUGAR
B14: =PRESUPUESTO!D81 -> 023.056-2 | C14: =PRESUPUESTO!G81 -> SUMINISTRO, TRANSPORTE E INSTALACION SEÑALES VERTICALES DOBLE GRADO DIAMANTE. DE DOBLE SR-30/ (SP-46 ó SP-47A ó SP-48) (60*60cms). PEDESTAL RECTO (Sección Circular). | D14: =PRESUPUESTO!H81 -> UN | E14: 1 | H14: =E14 -> 1 | I14: TRAMO 1
E15: 1 | H15: =E15 -> 1 | I15: TRAMO 2
E16: 1 | H16: =E16 -> 1 | I16: TRAMO 3
H17: =+E17*F17*G17 -> 0
H18: =+E18*F18*G18 -> 0
H19: =+E19*F19*G19 -> 0
H20: =+E20*F20*G20 -> 0
B21: TOTAL ÍTEM | H21: =ROUND(SUM(H14:H20),1) -> 3
B23: DIAGRAMA
B42: FIRMAR | E42: FIRMA
B43: ING RESIDENTE | E43: SUPERVISIÓN TÉCNICA
